 Dungeon Crawl Stone Soup version 0.22-a0-63-geddfa9b (webtiles) character file.

1414247 Alarkh the Meteorologist (level 27, -12/210 HPs)
             Began as a Demonspawn Berserker on Jan 2, 2018.
             Was the Champion of Makhleb.
             Killed by dispel undead
             ... invoked by a Tzitzimitl
              (61 damage)
             ... in Pandemonium on Jan 10, 2018.
             The game lasted 07:51:49 (125028 turns).

Alarkh the Meteorologist (Demonspawn Berserker)   Turns: 125028, Time: 07:51:50

Health: -12/210    AC: 37    Str: 21    XL:     27
Magic:  36/50      EV: 28    Int: 23    God:    Makhleb [******]
Gold:   11306      SH: 19    Dex: 24    Spells: 8/72 levels left

rFire    + + +     SeeInvis +   a - +9 double sword (freeze)
rCold    + + +     Gourm    .   k - +4 shield "Gohesmet" {Str+2 Dex+4}
rNeg     + + +     Faith    .   O - +6 acid dragon scales
rPois    ∞         Spirit   .   m - +1 helmet {Int+3}
rElec    +         Reflect  .   t - +2 cloak of the Thief {+Fog Slay-2 SInv Stlth+}
rCorr    +         Harm     .   R - +3 pair of gauntlets of War {Slay+5}
MR       +++..                  (boots unavailable)
Stlth    +++++++++.             r - amulet of regeneration
HPRegen  0.85/turn              E - ring of Dorghife {rElec rF+ Dex+4 Slay+3}
MPRegen  0.32/turn              H - ring "Haubiu" {rPois rF++ rC+ Dex+3 Stlth+}

@: lich-form, silence, studying Evocations
A: hooves 3, icy blue scales 3, cold resistance 1, nightstalker 3, passive
freeze, spiny 3, wild magic 1, evolution 1, freezing cloud immunity
}: 15/15 runes: serpentine, barnacled, slimy, silver, golden, iron, obsidian,
icy, bone, abyssal, demonic, glowing, magical, fiery, dark
a: End Transformation, Renounce Religion, Evoke Fog


You were in Pandemonium.
You worshipped Makhleb.
Makhleb was exalted by your worship.
You were not hungry.
You were a lich.
You visited 18 branches of the dungeon, and saw 90 of its levels.
You visited Pandemonium 4 times, and saw 19 of its levels.
You visited the Abyss 4 times.
You visited 2 bazaars.
You also visited: Labyrinth, Trove and Ossuary.

You collected 16431 gold pieces.
You spent 5125 gold pieces at shops.

Inventory:

Hand Weapons
 a - a +9 double sword of freezing (weapon)
Armour
 k - the +4 shield "Gohesmet" (worn) {Str+2 Dex+4}
   (You found it on level 1 of the Shoals)

   It affects your strength (+2).
   It affects your dexterity (+4).
 m - a +1 helmet of intelligence (worn)
 t - the +2 cloak of the Thief (worn) {+Fog Slay-2 SInv Stlth+}
   (You found it on level 7 of the Iron City of Dis)

   It affects your accuracy and damage with ranged weapons and melee attacks
   (-2).
   It lets you see invisible.
   It makes you more stealthy.
 O - +6 acid dragon scales (worn)
 R - the +3 pair of gauntlets of War (worn) {Slay+5}
   (You found it on level 3 of the Elven Halls)

   It affects your accuracy and damage with ranged weapons and melee attacks
   (+5).
Magical Staves
 b - an uncursed staff of energy
Jewellery
 r - an amulet of regeneration (around neck)
 E - the ring of Dorghife (left hand) {rElec rF+ Dex+4 Slay+3}
   (You took it off a deep elf blademaster on level 3 of the Elven Halls)

   [ring of protection from fire]

   It affects your dexterity (+4).
   It affects your accuracy and damage with ranged weapons and melee attacks
   (+3).
   It protects you from fire.
   It insulates you from electricity.
 H - the ring "Haubiu" (right hand) {rPois rF++ rC+ Dex+3 Stlth+}
   (You found it in Pandemonium)

   [ring of protection from cold]

   It affects your dexterity (+3).
   It greatly protects you from fire.
   It protects you from cold.
   It protects you from poison.
   It makes you more stealthy.
Wands
 N - a wand of digging (44)
Scrolls
 e - 7 scrolls of identify
 j - 8 scrolls of amnesia
 l - 9 scrolls of remove curse (quivered)
 n - 3 scrolls of teleportation
 z - 6 scrolls of magic mapping
 M - 3 scrolls of blinking
 S - a scroll of silence
 X - 8 scrolls of fear
Potions
 g - 3 potions of haste
 p - 7 potions of brilliance
 q - 4 potions of resistance
 w - a potion of mutation
 x - 2 potions of agility
 A - a potion of cancellation
 I - 3 potions of might
 L - 6 potions of curing
 Q - 5 potions of flight
Books
 h - a manual of Evocations
Miscellaneous
 d - a crystal ball of energy
 f - a phantom mirror
 i - the horn of Geryon
Comestibles
 c - 79 rations


   Skills:
 - Level 16.1 Fighting
 - Level 18.0 Long Blades
 - Level 15.5 Armour
 - Level 16.3 Dodging
 - Level 14.3 Stealth
 - Level 16.3 Shields
 + Level 23.1 Spellcasting
 + Level 15.4 Conjurations
 - Level 12.0 Charms
 - Level 18.0 Summonings
 - Level 24.2 Necromancy
 - Level 20.0 Transmutations
 * Level 4.5 Ice Magic
 O Level 27 Air Magic
 - Level 15.0 Earth Magic
 + Level 18.4 Evocations


You had 8 spell levels left.
You knew the following spells:

 Your Spells              Type           Power        Failure   Level  Hunger
a - Necromutation         Tmut/Necr      ########..   3%          8    N/A
b - Shatter               Erth           #######...   97%         9    N/A
c - Spellforged Servitor  Conj/Summ      #######...   3%          7    N/A
d - Deflect Missiles      Chrm/Air       ########..   1%          6    N/A
e - Tornado               Air            ########..   9%          9    N/A
r - Iron Shot             Conj/Erth      #######...   1%          6    N/A
s - Silence               Hex/Air        #######...   1%          5    N/A
t - Glaciate              Conj/Ice       #######...   100%        9    N/A
z - Aura of Abjuration    Summ           #######...   1%          5    N/A

Dungeon Overview and Level Annotations

Branches:
Dungeon (15/15)            Temple (1/1) D:6            Lair (6/6) D:9
 Shoals (4/4) Lair:3        Snake (4/4) Lair:3        Slime (5/5) Lair:6
    Orc (2/2) D:9             Elf (3/3) Orc:2        Vaults (5/5) D:14
  Crypt (3/3) Vaults:3       Tomb (3/3) Crypt:3      Depths (5/5) D:15
   Hell (1/1)                 Dis (7/7) Hell            Geh (7/7) Hell
    Coc (7/7) Hell            Tar (7/7) Hell            Zot (5/5) Depths:5

Altars:
Ashenzari
Cheibriados
Dithmenos
Elyvilon
Fedhas
Gozag
Hepliaklqana
Kikubaaqudgha
Makhleb
Nemelex Xobeh
Okawaru
Qazlal
Ru
Sif Muna
Trog
Uskayaw
Vehumet
Wu Jian
Xom
Yredelemnul
Zin
The Shining One
Beogh
Lugonu

Shops:
D:6 [   D:8 !   D:12 ?   D:14 }   Orc:2 !(?}   Elf:3 :!(   Snake:2 *
Vaults:1 %:*   Vaults:4 [((   Depths:1 %}   Depths:4 }}=

Portals:
Hell: Depths:1 Depths:2 Depths:3 Depths:4 Depths:5
Abyss: Depths:4 Depths:5
Pandemonium: Orc:2 Depths:3 Depths:4
Ziggurat: Depths:3


Innate Abilities, Weirdness & Mutations

You have hooves in place of feet.
You are completely covered in icy blue scales. (AC +4, rC+)
Your flesh is cold resistant. (rC+)
You are completely attuned to the shadows.
A frigid envelope surrounds you and freezes all who hurt you.
You are completely covered in sharp spines.
You are immune to freezing clouds.
Your spells are a little harder to cast, but a little more powerful.
You evolve.


Message History

You block the Hell Sentinel's attack. The Hell Sentinel closely misses you.
Unknown command.
You hit the Tzitzimitl but do no damage.
Your kick misses the Tzitzimitl.
Unknown command.
You block the Tzitzimitl's attack. x2
You miss the Tzitzimitl. Your kick misses the Tzitzimitl.
The Tzitzimitl gestures at you.
You convulse!
* * * LOW HITPOINT WARNING * * *
The Hell Sentinel hits you but does no damage.
The Hell Sentinel completely resists.
You block the Hell Sentinel's attack.
Unknown command.
The monstrous black sun completely misses you. x3
You block the Tzitzimitl's attack. x2
The Tzitzimitl gestures at you. The bolt of cold misses you.
The Tzitzimitl gestures at you.
You convulse!
You die...

...............
###.....#'######
#.........#
###.#..########
##................
.........811......
#....###...##1..#
#...≈≈≈##.##.6.≈#
#.L...###...≈≈≈#
#.....1......≈≈≈
#..≈≈.....≈...#≈
#.#≈≈≈≈..≈≈≈..#
..#≈≈≈≈≈≈≈≈≈..
##≈####≈≈..


You could see a Tzitzimitl.

Vanquished Creatures
  Cerebov (Pan)
  Gloorx Vloq (Pan)
  the Royal Jelly (Slime:5)
  Ereshkigal (Tar:7)
  the Serpent of Hell (Coc:7)
  Lom Lobon (Pan)
  Mnoleg (Pan)
  4 orbs of fire (Zot:5)
  Dispater (Dis:7)
  Mennas (Tomb:2)
  Mara (Depths:4)
  10 pandemonium lords (Pan)
  10 ancient liches
  Sojobo (Crypt:3)
  Boris (Vaults:5)
  30 greater mummies
  11 shard shrikes
  5 Killer Klowns
  Saint Roka (Snake:3)
  A curse toe (Zot:4)
  Vashnia (Snake:4)
  Margery (Vaults:5)
  Frederick (Vaults:5)
  Geryon (Hell)
  10 golden dragons
  19 bone dragons
  A profane servitor (Crypt:3)
  25 Tzitzimimeh
  5 electric golems
  10 iron giants
  10 doom hounds
  25 Brimstone Fiends
  14 liches
  7 Hell Sentinels
  20 Ice Fiends
  3 hellephants
  5 deep elf blademasters (Elf:3)
  16 tentacled monstrosities
  4 deep elf master archers (Elf:3)
  25 Orb Guardians (Zot:5)
  4 titans (Vaults:5)
  7 quicksilver dragons
  22 acid blobs
  9 sphinxes
  6 death cobs
  3 eldritch tentacles
  24 ancient champions
  Frances (Snake:1)
  A kraken (Shoals:4)
  36 Executioners
  6 tentacled starspawn
  A storm dragon (shapeshifter) (Depths:3)
  Agnes (Snake:3)
  37 shadow dragons
  6 tengu reavers
  17 storm dragons
  5 revenants
  Ilsuiw (Shoals:4)
  6 draconian monks
  An azure jelly (shapeshifter) (Depths:3)
  8 azure jellies
  3 warmongers (Pan)
  9 deep elf sorcerers
  8 nagarajas
  11 fire giants
  8 draconian knights
  Donald (Snake:3)
  3 orc warlords
  6 frost giants
  12 iron dragons
  Aizul (Snake:4)
  23 balrugs
  5 draconian stormcallers
  15 vault wardens
  7 draconian scorchers
  7 draconian shifters
  2 emperor scorpions (shapeshifter)
  7 ghost moths
  The ghost of melvinkitnick the Brawler, a journeyman DrMo of Makhleb (Lair:6)
  26 cacodemons
  6 draconian annihilators
  5 deep elf elementalists
  5 curse skulls
  2 elemental wellsprings (Coc:7)
  2 ghouls
  18 ironheart preservers
  32 very ugly things
  6 blood saints (Pan)
  18 war gargoyles
  22 bennus
  6 corrupters (Pan)
  77 reapers
  28 stone giants
  7 deep elf demonologists
  12 vampire knights
  Azrael (Elf:1)
  14 green draconians
  10 black draconians
  6 black suns (Pan)
  7 deep elf annihilators
  12 white draconians
  12 yellow draconians
  17 lorocyprocas (Pan)
  10 dire elephants (Abyss:3)
  9 red draconians
  5 purple draconians
  4 spark wasps
  18 blizzard demons
  An ettin (shapeshifter) (Abyss:1)
  6 eidola
  7 deep elf death magi
  Snorg (D:14)
  10 crystal guardians (Depths:3)
  11 death oozes
  16 green deaths
  9 ettins
  12 merfolk impalers
  3 deep elf high priests
  5 merfolk javelineers
  27 mummy priests
  12 fire dragons
  13 yaktaur captains
  2 kraken zombies
  8 quicksilver dragon zombies
  17 jiangshi
  18 great orbs of eyes
  10 ogre magi
  33 ice dragons
  7 monstrous demonspawn (Pan)
  4 rakshasas
  12 naga warriors
  A hell beast (Dis:1)
  14 hydras
  2 quicksilver dragon skeletons
  An ice dragon (shapeshifter) (Depths:1)
  34 vault guards
  4 merfolk avatars
  6 spriggan air magi
  14 centaur warriors
  2 ghost crabs
  An anaconda (shapeshifter) (Vaults:5)
  9 anacondas
  Erica (Orc:1)
  8 merfolk aquamancers
  18 hell hogs
  6 death yaks
  3 alligator snapping turtles
  3 deep troll shamans
  6 death knights
  6 satyrs
  38 two-headed ogres
  4 vampire magi
  43 death scarabs
  5 tengu warriors
  6 holy swine (Pan)
  10 storm dragon zombies
  A spriggan berserker (Depths:5)
  48 dancing weapons
  5 deep troll earth magi
  18 thrashing horrors
  38 soul eaters
  11 titan zombies
  6 orc high priests
  7 shock serpents
  14 naga sharpshooters
  27 deep elf knights
  83 sun demons
  4 iron golems
  6 spatial maelstroms
  133 skeletal warriors
  A salamander mystic (Snake:3)
  20 iron trolls
  5 wretched stars
  8 titan skeletons
  21 small abominations
  An iron troll (shapeshifter) (Depths:3)
  32 sixfirhies
  31 shadow wraiths
  51 hell knights
  A death drake (Tar:7)
  9 sea snakes
  11 unseen horrors
  A spark wasp zombie (Depths:2)
  A sea snake (shapeshifter) (Depths:3)
  7 storm dragon skeletons
  A ghost moth zombie (Coc:2)
  2 unseen horrors (shapeshifter)
  32 starcursed masses
  10 gelid demonspawn
  A kraken simulacrum (Coc:1)
  34 shadow demons
  8 anaconda zombies
  17 flayed ghosts
  9 golden dragon zombies
  16 glowing orange brains
  11 torturous demonspawn
  16 wizards
  5 naga ritualists
  A swamp dragon (shapeshifter) (Depths:3)
  90 large abominations
  3 infernal demonspawn (Pan)
  18 ironbrand convokers
  19 deep trolls
  27 harpies
  6 anaconda skeletons
  4 obsidian statues (Depths:3)
  A lindwurm (shapeshifter) (Vaults:1)
  5 shadow dragon zombies
  19 deep elf archers
  4 mana vipers
  20 necromancers
  15 orc knights
  16 phantasmal warriors
  2 iron dragon zombies
  5 wolf spider zombies
  13 fire giant zombies
  A tengu skeleton (Depths:2)
  An orb spider (shapeshifter) (Depths:4)
  A wolf spider (shapeshifter) (Depths:3)
  5 wolf spiders
  62 deep elf magi
  2 shadow dragon skeletons
  43 ugly things
  14 stone giant zombies
  6 frost giant zombies
  11 shining eyes
  5 orc sorcerers
  A moth of wrath (shapeshifter) (Vaults:5)
  3 oklob plants
  26 cyclopes
  21 fauns
  11 manticores
  A mana viper (shapeshifter) (Depths:3)
  2 sphinx skeletons
  5 salamanders
  2 elephants (Lair:6)
  2 worldbinders
  32 moths of wrath
  4 stone giant skeletons
  A titan simulacrum (Crypt:3)
  12 merfolk sirens
  A guardian serpent (shapeshifter) (Depths:1)
  Maurice (D:8)
  5 water nymphs
  22 naga magi
  7 iron dragon skeletons
  2 apocalypse crabs (Abyss:1)
  An ice statue (Coc:7)
  18 vault sentinels
  3 eyes of devastation
  7 dire elephant zombies
  34 black mambas
  4 guardian serpents
  33 orange demons
  10 frost giant skeletons
  3 gargoyles (Depths:3)
  A torpor snail (Lair:6)
  67 rust devils
  15 molten gargoyles
  5 spiny frogs
  8 fire giant skeletons
  3 spriggan zombies
  A kobold demonologist (Elf:1)
  44 smoke demons
  A purple draconian zombie (Tar:7)
  5 komodo dragons
  6 dire elephant skeletons
  44 ice devils
  An anaconda simulacrum (Crypt:2)
  18 efreet
  36 hellions
  A pale draconian zombie (Crypt:1)
  41 yaktaurs
  21 demonic crawlers
  32 freezing wraiths
  19 hellwings
  38 tormentors
  A komodo dragon (shapeshifter) (Vaults:2)
  7 rime drakes
  A yellow draconian skeleton (Crypt:1)
  A yaktaur skeleton (Depths:1)
  3 silent spectres
  4 tengu conjurers
  5 ancient zymes
  47 guardian mummies
  9 trolls
  4 harpy zombies
  18 hydra zombies
  A minotaur zombie (Coc:6)
  2 meliai (shapeshifter)
  52 red devils
  9 polar bears
  32 merfolk
  115 slime creatures
  A wind drake (shapeshifter) (Vaults:2)
  11 hydra skeletons
  2 trolls (shapeshifter)
  4 harpy skeletons
  A tengu simulacrum (Vaults:2)
  5 wind drakes
  Grinder (D:3)
  A tyrant leech (shapeshifter) (Depths:3)
  A sphinx simulacrum (Depths:1)
  A polar bear (shapeshifter) (Vaults:3)
  A slime creature (shapeshifter) (Depths:3)
  11 blink frogs
  2 deep troll zombies (D:15)
  10 bog bodies
  12 ettin zombies
  22 hippogriffs
  A meliai zombie (Crypt:1)
  A satyr zombie (Crypt:1)
  A hippogriff (shapeshifter) (Depths:3)
  8 fire dragon zombies
  9 snapping turtles
  3 alligator zombies
  21 raiju
  20 dream sheep
  169 flying skulls
  6 ice dragon zombies
  A redback (shapeshifter) (Vaults:5)
  5 alligator skeletons
  6 fire dragon skeletons
  2 frost giant simulacra
  A satyr skeleton (Crypt:2)
  44 shadows
  35 water elementals
  9 ettin skeletons
  A yak (shapeshifter) (Depths:2)
  2 black mamba skeletons
  2 tarantellas (shapeshifter)
  35 wraiths
  50 yaks
  A vampire (Abyss:3)
  26 air elementals
  3 fire bats (Abyss:1)
  8 ice dragon skeletons
  14 wyverns
  27 golden eyes
  11 ushabtiu
  A spriggan (D:11)
  44 ynoxinuls
  5 basilisks
  29 fire elementals
  A golden eye (shapeshifter) (Vaults:4)
  34 chaos spawn
  7 hungry ghosts
  A human simulacrum (Vaults:2)
  14 spatial vortices (Abyss:3)
  5 vampire mosquitoes
  36 neqoxecs
  An insubstantial wisp (Depths:3)
  35 nagas
  Menkaure (D:5)
  3 merfolk zombies
  A soldier ant (shapeshifter) (Depths:3)
  A torturous demonspawn zombie (Crypt:1)
  3 wargs
  A soldier ant (D:15)
  2 acid dragons
  70 hell hounds
  3 hydra simulacra
  16 water moccasins
  10 spiny frog zombies
  A deep troll skeleton (Vaults:2)
  9 porcupines
  2 floating eyes
  7 black bears
  A two-headed ogre skeleton (Crypt:2)
  An eye of draining (shapeshifter) (D:15)
  A gelid demonspawn skeleton (Geh:4)
  9 ice beasts
  2 sky beasts
  A meliai simulacrum (D:15)
  9 spiny frog skeletons
  2 ettin simulacra
  46 orc warriors
  2 swamp dragon zombies
  An ice dragon simulacrum (Coc:7)
  18 eyes of draining
  3 manticore zombies
  An ice beast (shapeshifter) (Vaults:3)
  21 necrophages
  7 phantoms
  9 snapping turtle zombies
  12 boggarts
  34 ogres
  6 wolves
  14 centaurs
  A manticore skeleton (Coc:3)
  A blink frog skeleton (Crypt:2)
  4 snapping turtle skeletons
  A crocodile (shapeshifter) (Depths:1)
  12 crocodiles
  An elf zombie (Ossuary)
  A gnoll sergeant (D:9)
  A big kobold (D:7)
  14 bullfrogs
  A glowing shapeshifter simulacrum (Vaults:1)
  An elf skeleton (Pan)
  A deep troll simulacrum (Vaults:3)
  13 earth elementals
  A wyvern skeleton (D:13)
  5 scorpions
  A water moccasin skeleton (Crypt:2)
  A queen bee zombie (Crypt:2)
  A snapping turtle simulacrum (Coc:4)
  An elf simulacrum (Vaults:3)
  8 killer bees
  A troll zombie (Geh:7)
  89 wights
  3 electric eels
  A howler monkey (D:10)
  2 vampire bats (Lair:3)
  17 crimson imps
  8 centaur zombies
  4 bullfrog zombies
  5 quasits
  4 human zombies
  23 orc wizards
  25 orc priests
  13 centaur skeletons
  2 hounds
  37 iron imps
  3 jellies
  2 bullfrog skeletons (D:12)
  A human skeleton (Geh:3)
  4 iguanas
  7 hell rats (Hell)
  13 worker ants
  A felid zombie (Crypt:2)
  A sky beast zombie (Crypt:2)
  2 big kobold zombies (Ossuary)
  A naga zombie (Geh:7)
  A tengu zombie (Dis:7)
  2 naga skeletons
  An ogre skeleton (Geh:7)
  Robin (D:3)
  58 mummies
  A worker ant zombie (D:3)
  14 gnolls
  2 howler monkey skeletons
  15 adders
  13 shadow imps
  20 white imps
  5 ufetubi
  5 adder zombies
  5 adder skeletons
  5 worms
  2 dart slugs (D:1)
  5 leopard geckos
  82 orcs
  10 bats
  5 giant cockroaches
  8 hobgoblins
  9 jackals
  6 quokkas
  2 ball pythons (D:3)
  A ball python zombie (Crypt:2)
  9 frilled lizards
  A giant cockroach zombie (Crypt:2)
  14 goblins
  10 hobgoblin zombies (Ossuary)
  25 kobolds
  A kobold skeleton (Tar:7)
  6 kobold zombies (Ossuary)
  An orc skeleton (Tar:3)
  10 orc zombies
  A quokka skeleton (D:5)
  16 rats
  3 rat zombies (Ossuary)
  A river rat skeleton (Crypt:1)
  A crawling corpse (Elf:3)
  4 fire vortices
  A fungus (Lair:2)
  A lurking horror (Abyss:3)
  A plant (D:1)
  6 tentacles
5558 creatures vanquished.

Vanquished Creatures (collateral kills)
  Antaeus (Coc:7)
  Asmodeus (Geh:7)
  Bai Suzhen (Snake:3)
  An iron giant (Dis:7)
  A Brimstone Fiend (Dis:7)
  Jorgrun (Snake:4)
  An Executioner (Pan)
  Gastronok (Lair:2)
  A warmonger (Pan)
  A ghost moth (Pan)
  A cacodemon (Pan)
  A black sun (Pan)
  2 blood saints (Pan)
  A corrupter (Pan)
  A blizzard demon (Pan)
  Josephine (Orc:2)
  3 green deaths (Pan)
  A minotaur (Lab)
  A fire dragon (D:13)
  A monstrous demonspawn (Pan)
  2 catoblepae
  A two-headed ogre (D:13)
  4 sun demons
  An orc high priest (Orc:2)
  Sonja (Orc:2)
  A naga sharpshooter (Snake:4)
  2 skeletal warriors
  A sixfirhy (Pan)
  A torturous demonspawn (Orc:2)
  A flayed ghost (D:15)
  A necromancer (D:15)
  3 orc knights
  A deep elf mage (D:13)
  3 orc sorcerers
  A wolf spider (Lair:6)
  2 manticores
  A frost giant zombie (D:15)
  4 large abominations (Pan)
  A shock serpent zombie (Dis:7)
  A merfolk siren (Lair:3)
  2 naga magi (Snake:4)
  2 rust devils
  2 black mambas
  A smoke demon (Pan)
  A spiny frog (Lair:6)
  A gargoyle (D:11)
  A centaur skeleton (D:13)
  A yaktaur (D:13)
  2 efreet (D:13)
  3 komodo dragons
  A tengu conjurer (D:13)
  A troll (Orc:1)
  A slime creature (D:13)
  2 blink frogs
  2 hippogriffs
  An ice dragon skeleton (D:15)
  2 wyverns (Lair:4)
  A redback (D:13)
  A shadow (D:13)
  3 yaks (Lair:1)
  A wraith (Orc:1)
  3 chaos spawn
  A hungry ghost (D:13)
  A warg (Orc:1)
  A water moccasin (Lair:3)
  2 nagas (Snake:4)
  3 porcupines
  A sky beast (D:13)
  15 orc warriors
  2 ogres
  A bullfrog (D:13)
  6 orc priests
  A worker ant (D:15)
  8 orcs
133 creatures vanquished.

Vanquished Creatures (others)
  Nikola (Snake:3)
  A lich (Tomb:2)
  2 eldritch tentacles
  An ancient champion (Dis:5)
  A fire giant (Vaults:5)
  3 elemental wellsprings
  A war gargoyle (Dis:7)
  A vampire knight (Tar:1)
  4 death scarabs (Tomb:3)
  A hell knight (Vaults:5)
  A harpy (Shoals:3)
  A vault sentinel (Vaults:5)
  A moth of wrath (Zot:5)
  An orange demon (Pan)
  A hellwing (Pan)
  A guardian mummy (Tomb:3)
  A sphinx simulacrum (Depths:2)
  8 flying skulls
  2 ushabtiu (Tomb:2)
  2 wraiths (Geh:3)
  An acid dragon (D:13)
  An insubstantial wisp (Depths:3)
  A spatial vortex (Abyss:3)
  An orc warrior (Vaults:3)
  A necrophage (Geh:4)
  A boggart (Depths:1)
  A wight (Geh:4)
  A hound (D:13)
  2 orc wizards (Orc:1)
  An iron imp (Dis:7)
  6 mummies (Tomb:2)
  A shadow imp (Tar:7)
  22 ball lightnings
  An orc (Orc:1)
  2 demonic plants (Abyss:2)
  11 fungi
  151 plants
  12 starspawn tentacles
  18 tentacles
  A withered plant (D:15)
271 creatures vanquished.

Grand Total: 5962 creatures vanquished

Notes
Turn   | Place    | Note
-------+----------+-------------------------------------------
     0 | D:1      | Alarkh the Demonspawn Berserker began the quest for the Orb.
     0 | D:1      | Reached XP level 1. HP: 18/18 MP: 1/1
   238 | D:1      | Gained mutation: You are slightly more attuned to the shadows. [demonic ancestry]
   238 | D:1      | Reached XP level 2. HP: 16/24 MP: 2/2
   926 | D:1      | Reached XP level 3. HP: 26/29 MP: 3/3
   984 | D:1      | Reached ** piety under Trog
  1983 | D:2      | Found a glowing golden altar of the Shining One.
  2311 | D:3      | Reached XP level 4. HP: 27/35 MP: 4/4
  2399 | D:3      | Noticed Grinder
  2414 | D:3      | Killed Grinder
  2414 | D:3      | Gained mutation: You have large cloven feet. [demonic ancestry]
  2414 | D:3      | Reached XP level 5. HP: 13/41 MP: 5/5
  2414 | D:3      | Reached XP level 6. HP: 16/47 MP: 6/6
  2609 | D:3      | Noticed Robin
  2630 | D:3      | Killed Robin
  4110 | D:4      | Found a sand-covered staircase.
  4115 | Ossuary  | Entered an ossuary
  4150 | Ossuary  | Reached *** piety under Trog
  4341 | Ossuary  | Reached XP level 7. HP: 39/52 MP: 7/7
  4981 | D:4      | Reached **** piety under Trog
  5203 | D:5      | Entered Level 5 of the Dungeon
  5210 | D:5      | Noticed Menkaure
  5219 | D:5      | Gained mutation: You occasionally shout uncontrollably at your foes. [potion of mutation]
  5219 | D:5      | Gained mutation: You have hoof-like feet. [potion of mutation]
  5219 | D:5      | Gained mutation: Your body sometimes deteriorates upon taking damage. [potion of mutation]
  5219 | D:5      | Gained mutation: You passively map a small area around you. [potion of mutation]
  5227 | D:5      | Reached XP level 8. HP: 58/58 MP: 8/8
  5230 | D:5      | Killed Menkaure
  5859 | D:5      | Found the +2 hat of the Bear Spirit {Spirit, +Rage rN+ MR++}
  5866 | D:5      | Reached skill level 10 in Long Blades
  6338 | D:6      | Lost mutation: Your body sometimes deteriorates upon taking damage. [potion of mutation]
  6338 | D:6      | Lost mutation: You occasionally shout uncontrollably at your foes. [potion of mutation]
  6338 | D:6      | Lost mutation: You have hoof-like feet. [potion of mutation]
  6338 | D:6      | Gained mutation: You are weak. (Str -2) [potion of mutation]
  6338 | D:6      | Gained mutation: Your flesh is heat resistant. (rF+) [potion of mutation]
  7005 | D:6      | Found a staircase to the Ecumenical Temple.
  7013 | Temple   | Entered the Ecumenical Temple
  7409 | D:6      | Found Tonk's Armour Emporium.
  7740 | D:7      | Reached XP level 9. HP: 61/63 MP: 9/9
  7858 | D:7      | Got a translucent bardiche
  8871 | D:8      | Found Mydi Ewk's Distillery.
  8888 | D:8      | Bought a potion of invisibility for 80 gold pieces
  8888 | D:8      | Bought a potion of might for 40 gold pieces
  8888 | D:8      | Bought a potion of might for 40 gold pieces
  8914 | D:8      | Reached ***** piety under Trog
  9198 | D:8      | Noticed Maurice
  9220 | D:8      | Killed Maurice
 10229 | D:9      | Found a staircase to the Orcish Mines.
 10407 | D:9      | Received a gift from Trog
 10407 | D:9      | Gained mutation: You have hoof-like feet. [demonic ancestry]
 10407 | D:9      | Reached XP level 10. HP: 66/70 MP: 10/10
 10883 | D:9      | Found a staircase to the Lair.
 11584 | D:10     | Entered Level 10 of the Dungeon
 13036 | D:11     | Noticed a red ugly thing
 13082 | D:10     | Killed a red ugly thing
 13415 | D:11     | Noticed a manticore
 13418 | D:11     | Noticed a gargoyle
 13420 | D:11     | Killed a manticore
 13422 | D:11     | Killed a gargoyle
 13505 | D:11     | Got a slimy steel ring
 13507 | D:11     | Identified the ring "Penope" {*Tele Stlth+} (You found it on level 11 of the Dungeon)
 13647 | D:11     | Reached skill level 15 in Long Blades
 13647 | D:11     | Gained mutation: You are partially covered in icy blue scales. (AC +2) [demonic ancestry]
 13647 | D:11     | Reached XP level 11. HP: 48/75 MP: 8/11
 13718 | D:11     | Noticed a six-headed hydra
 13819 | Lair:1   | Entered Level 1 of the Lair of Beasts
 13841 | Lair:1   | Noticed a five-headed hydra
 14267 | Lair:1   | Noticed a four-headed hydra
 14273 | Lair:1   | Killed a four-headed hydra
 14396 | Lair:1   | Got a brightly glowing golden ring
 14404 | Lair:1   | Identified the ring "Uzohifis" {-Tele rPois rF+ Int+3} (You found it on level 1 of the Lair of Beasts)
 14438 | Lair:1   | Killed a five-headed hydra
 14438 | Lair:1   | Reached skill level 1 in Evocations
 14905 | Lair:2   | Noticed Gastronok
 15071 | Lair:2   | Killed Gastronok
 15134 | Lair:1   | Received a gift from Trog
 15432 | Lair:2   | Noticed a death yak
 15449 | Lair:2   | Noticed a death yak
 15455 | Lair:2   | Noticed a death yak
 15459 | Lair:2   | Killed a death yak
 15653 | Lair:2   | Found a transporter.
 15783 | Lair:2   | Found a transporter.
 15938 | Lair:2   | Gained mutation: You are significantly more attuned to the shadows. [demonic ancestry]
 15938 | Lair:2   | Reached XP level 12. HP: 85/85 MP: 12/14
 15966 | Lair:2   | Got a scorched bronze ring
 16015 | Lair:2   | Identified the ring of the Blind Eye {rPois rN+ Int-5 Stlth+} (You found it on level 2 of the Lair of Beasts)
 16227 | Lair:3   | Reached skill level 5 in Fighting
 16274 | Lair:3   | Found a staircase to the Shoals.
 16288 | Lair:3   | Found a staircase to the Snake Pit.
 16318 | Lair:3   | Reached skill level 1 in Stealth
 17771 | Lair:4   | Found a labyrinth entrance.
 17777 | Lair:4   | Noticed a six-headed hydra
 17799 | Lab      | Entered a labyrinth
 17993 | Lab      | Noticed a minotaur
 17998 | Lab      | Killed a minotaur
 17998 | Lab      | Reached skill level 5 in Armour
 17998 | Lab      | Reached skill level 5 in Dodging
 17998 | Lab      | Reached skill level 5 in Evocations
 18016 | Lab      | Got a translucent shortbow
 18022 | Lab      | Found the shimmering robe
 18022 | Lab      | Got a wavering ivory ring
 18023 | Lab      | Got a shimmering robe
 18037 | Lab      | Identified the cursed -5 robe of Misfortune {-Cast *Contam *Tele *Drain EV-5 Stlth-- *Curse} (You found it in a labyrinth)
 18052 | Lair:4   | Identified the ring "Xaurempaxyz" {rCorr rPois rF- rN+ Str+3} (You found it in a labyrinth)
 18106 | Lair:4   | Gained mutation: Your body sometimes deteriorates upon taking damage. [mutagenic glow]
 18154 | Lair:4   | Killed a six-headed hydra
 18490 | Lair:4   | Reached XP level 13. HP: 95/95 MP: 15/17
 19174 | Lair:4   | Lost mutation: You are weak. (Str -2) [potion of mutation]
 19174 | Lair:4   | Lost mutation: Your body sometimes deteriorates upon taking damage. [potion of mutation]
 19174 | Lair:4   | Lost mutation: Your flesh is heat resistant. (rF+) [potion of mutation]
 19174 | Lair:4   | Gained mutation: You are resistant to hostile enchantments. (MR+) [potion of mutation]
 19174 | Lair:4   | Gained mutation: You have a pair of small antennae on your head. [potion of mutation]
 19265 | Lair:4   | Found a white marble altar of Elyvilon.
 19524 | Lair:5   | Reached skill level 5 in Stealth
 20176 | Lair:6   | Entered Level 6 of the Lair of Beasts
 20646 | Lair:6   | Received a gift from Trog
 20676 | Lair:6   | Identified the cursed +0 shortbow of the Depths {venom, MR++ Str+4 Dex+2} (You found it in a labyrinth)
 21332 | Lair:6   | Found a staircase to the Slime Pits.
 21766 | Lair:6   | Reached skill level 1 in Shields
 21768 | Lair:6   | Reached XP level 14. HP: 106/106 MP: 19/19
 22047 | Lair:6   | Noticed melvinkitnick's ghost (journeyman DrMo)
 22486 | Orc:1    | Entered Level 1 of the Orcish Mines
 22678 | Orc:1    | Found a transporter.
 22848 | Orc:1    | Noticed an orc warlord
 22875 | Orc:1    | Found a shimmering altar of Xom.
 23129 | Orc:2    | Entered Level 2 of the Orcish Mines
 23150 | Orc:2    | Noticed Josephine
 23252 | Orc:1    | Noticed Erica
 23264 | Orc:1    | Killed Erica
 23408 | Orc:1    | Killed an orc warlord
 23545 | Orc:2    | Noticed Sonja
 23709 | Orc:2    | Received a gift from Trog
 23710 | Orc:2    | Killed Sonja
 23714 | Orc:2    | Killed Josephine
 23719 | Orc:2    | Found a staircase to the Elven Halls.
 23720 | Orc:2    | Found a bloodstained altar of Trog.
 23944 | Orc:2    | Found Jugg's Magic Scroll Shoppe.
 24496 | Orc:2    | Found Ixutom's Distillery.
 24499 | Orc:2    | Bought a scroll of teleportation for 39 gold pieces
 24499 | Orc:2    | Bought a scroll of teleportation for 39 gold pieces
 24499 | Orc:2    | Bought a scroll of blinking for 97 gold pieces
 24501 | Orc:2    | Bought 2 potions of agility for 104 gold pieces
 24501 | Orc:2    | Bought a potion of mutation for 104 gold pieces
 24501 | Orc:2    | Bought a potion of heal wounds for 65 gold pieces
 24501 | Orc:2    | Bought a potion of haste for 130 gold pieces
 24501 | Orc:2    | Bought a potion of heal wounds for 65 gold pieces
 25353 | Orc:2    | Found Ugynkor's Gadget Boutique.
 25353 | Orc:2    | Found Nyhiu's Antique Weapon Shop.
 25353 | Orc:2    | Found a one-way gate leading to the halls of Pandemonium.
 25359 | Orc:2    | Bought a lightning rod (4/4) for 400 gold pieces
 25359 | Orc:2    | Bought a phial of floods for 400 gold pieces
 25467 | Orc:1    | Noticed an orc warlord
 25467 | Orc:1    | Found a roughly hewn altar of Beogh.
 25524 | Orc:1    | Killed an orc warlord
 25531 | Orc:1    | Got a shimmering amber ring
 25651 | Orc:1    | Found a transporter.
 25689 | Orc:1    | Identified the ring of the Philosopher {*Drain +Blink rF+ Str+4 Int+3} (You found it on level 1 of the Orcish Mines)
 26024 | D:11     | Gained mutation: You are mostly covered in icy blue scales. (AC +3) [demonic ancestry]
 26024 | D:11     | Reached XP level 15. HP: 105/114 MP: 18/21
 26690 | D:12     | Found Toiniste's Magic Scroll Boutique.
 26701 | D:12     | Bought a scroll of acquirement for 676 gold pieces
 26702 | D:12     | Got a translucent buckler
 26713 | D:12     | Identified the +2 buckler of Fashionability {Regen+} (You acquired it on level 12 of the Dungeon)
 27561 | D:13     | Reached skill level 10 in Dodging
 27583 | D:13     | Reached skill level 10 in Fighting
 27597 | D:13     | Noticed a shadow dragon
 27610 | D:13     | Killed a shadow dragon
 27610 | D:13     | Reached skill level 5 in Shields
 27702 | D:13     | Received a gift from Trog
 27963 | D:13     | Got a twisted robe
 27974 | D:13     | Identified the +0 robe of Daisies {rElec} (You found it on level 13 of the Dungeon)
 28031 | D:13     | Identified the Reference Book on Unstable Venom
 28644 | D:14     | Found a glowing golden altar of the Shining One.
 28683 | D:14     | Found a gate to the Vaults.
 28713 | D:14     | Reached skill level 10 in Evocations
 28800 | D:14     | Noticed Snorg
 28813 | D:14     | Killed Snorg
 29131 | D:14     | Found a burning altar of Makhleb.
 29237 | D:14     | Found Oxidgh's Gadget Boutique.
 29353 | D:14     | Reached XP level 16. HP: 109/124 MP: 19/23
 29589 | D:15     | Entered Level 15 of the Dungeon
 29611 | D:15     | Got a bound marble ring
 29613 | D:15     | Identified the ring "Ceb Alek" {Int+4 Dex+2} (You found it on level 15 of the Dungeon)
 29640 | D:15     | Reached skill level 10 in Armour
 29695 | D:15     | Received a gift from Trog
 29862 | D:15     | Found a shadowy altar of Dithmenos.
 29871 | D:15     | Reached ****** piety under Trog
 29912 | D:15     | Found a staircase to the Depths.
 29934 | D:15     | Received a gift from Trog
 30831 | Lair:2   | Was placed under penance by Trog
 30838 | Lair:2   | Learned a level 6 spell: Deflect Missiles
 30844 | Lair:2   | Learned a level 5 spell: Silence
 30885 | Snake:1  | Entered Level 1 of the Snake Pit
 31028 | Snake:1  | Noticed Frances
 31041 | Snake:1  | Killed Frances
 32292 | Snake:2  | Was forgiven by Trog
 32636 | Snake:2  | Got an ichor-stained ring mail
 32647 | Snake:2  | Identified the +3 ring mail "Req Wuakh" {rF++} (You found it on level 2 of the Snake Pit)
 32862 | Snake:2  | Found Witarphyn's Assorted Antiques.
 32868 | Snake:2  | Bought a sparkling wooden ring for 120 gold pieces
 32868 | Snake:2  | Bought a scroll labeled FYMOCV HAPHY for 24 gold pieces
 32868 | Snake:2  | Bought a glowing demon blade for 432 gold pieces
 32870 | Snake:2  | Identified the ring "Birei" {Ice rN+ SInv Stlth-} (You bought it in a shop on level 2 of the Snake Pit)
 33479 | Snake:3  | Noticed Bai Suzhen
 33492 | Snake:3  | Killed Bai Suzhen
 33495 | Snake:3  | Noticed Saint Roka
 33510 | Snake:3  | Killed Saint Roka
 33739 | Snake:3  | Noticed Donald
 33757 | Snake:3  | Killed Donald
 33767 | Snake:3  | Gained mutation: You are partially covered in sharp spines. [demonic ancestry]
 33767 | Snake:3  | Reached XP level 17. HP: 133/133 MP: 18/26
 33955 | Snake:3  | Noticed Agnes
 33964 | Snake:3  | Killed Agnes
 34025 | Snake:3  | Noticed Nikola
 34045 | Snake:3  | Killed Nikola
 34518 | Snake:4  | Entered Level 4 of the Snake Pit
 34546 | Snake:4  | Received a gift from Trog
 34693 | Snake:4  | Found a flickering gateway to a bazaar.
 34700 | Bazaar   | Entered a bazaar
 34705 | Bazaar   | Found Sika's Jewellery Boutique.
 34723 | Bazaar   | Found Luvas's Antique Weapon Emporium.
 34740 | Bazaar   | Found Ysuss's General Store.
 34757 | Bazaar   | Found Naxez's Antique Armour Shoppe.
 34804 | Bazaar   | Bought a fine leather armour for 189 gold pieces
 34814 | Bazaar   | Identified the +3 leather armour of Mirth {rPois Int-4 Stlth+} (You bought it in a shop in a bazaar)
 34824 | Bazaar   | Bought a slimy robe for 153 gold pieces
 34834 | Bazaar   | Identified the +1 robe of the Forgotten Wonders {*Slow rPois Str+6 SInv} (You bought it in a shop in a bazaar)
 34918 | Snake:4  | Noticed Jorgrun
 34918 | Snake:4  | Noticed Vashnia
 34947 | Snake:4  | Killed Jorgrun
 35359 | Snake:4  | Killed Vashnia
 35390 | Snake:4  | Noticed Aizul
 35399 | Snake:4  | Killed Aizul
 36066 | Snake:4  | Got a serpentine rune of Zot
 36771 | Vaults:1 | Entered Level 1 of the Vaults
 36775 | Vaults:1 | Got a warped ring mail
 36786 | Vaults:1 | Identified the +3 ring mail of Greed {+Blink rC+ Int+4} (You found it on level 1 of the Vaults)
 36916 | Vaults:1 | Gained mutation: You are completely attuned to the shadows. [demonic ancestry]
 36916 | Vaults:1 | Reached XP level 18. HP: 136/141 MP: 24/27
 37106 | Vaults:1 | Reached skill level 10 in Stealth
 37161 | Vaults:1 | Received a gift from Trog
 37730 | Vaults:1 | Found a gateway to a bazaar.
 37991 | Vaults:1 | Found Unoycuec's Assorted Antiques.
 37996 | Vaults:1 | Bought a potion of heal wounds for 160 gold pieces
 37996 | Vaults:1 | Bought a potion of heal wounds for 160 gold pieces
 38104 | Vaults:1 | Found Xerraus's Food Shop.
 38132 | Vaults:1 | Found Axkujoy's Book Shoppe.
 38512 | Vaults:2 | Received a gift from Trog
 39052 | Vaults:2 | Reached skill level 15 in Dodging
 39052 | Vaults:2 | Reached XP level 19. HP: 110/150 MP: 20/29
 39410 | Vaults:2 | Received a gift from Trog
 39748 | Vaults:2 | Received a gift from Trog
 40543 | Vaults:3 | Found a stormy altar of Qazlal.
 40587 | Vaults:3 | Found a staircase to the Crypt.
 40615 | Vaults:3 | Received a gift from Trog
 40622 | Vaults:3 | Got a twisted fustibalus {god gift}
 40623 | Vaults:3 | Identified the +1 fustibalus of the Special Allies {flame, rF+ rN+ Int-5} (Trog gifted it to you on level 3 of the Vaults)
 42145 | Vaults:4 | Found Icoitz's Antique Weapon Boutique.
 42190 | Vaults:4 | Found Reugh's Antique Weapon Boutique.
 42271 | Vaults:4 | Found Focoob's Armour Boutique.
 42356 | Vaults:4 | Received a gift from Trog
 43694 | Shoals:1 | Entered Level 1 of the Shoals
 43932 | Shoals:1 | Got a faintly humming shield
 43944 | Shoals:1 | Identified the +4 shield "Gohesmet" {Str+2 Dex+4} (You found it on level 1 of the Shoals)
 44071 | Shoals:1 | Reached XP level 20. HP: 90/160 MP: 22/30
 44319 | Shoals:1 | Received a gift from Trog
 45424 | Shoals:2 | Got a pair of ancient gloves
 45435 | Shoals:2 | Identified the -6 pair of gloves of the Sun {rF+ Int-4 Dex+4} (You found it on level 2 of the Shoals)
 46076 | Shoals:3 | Reached skill level 10 in Shields
 46643 | Shoals:3 | Received a gift from Trog
 47001 | Shoals:4 | Entered Level 4 of the Shoals
 47055 | Shoals:4 | Identified Sif Muna's Collected Works on Slavery
 47118 | Shoals:4 | Received a gift from Trog
 47281 | Shoals:4 | Got a sapphire great sword {protect}
 47282 | Shoals:4 | Identified the +6 great sword of Descent {protect, rPois Int+4} (You took it off a merfolk siren on level 4 of the Shoals)
 47714 | Shoals:4 | Got a barnacled rune of Zot
 47781 | Shoals:4 | Noticed Ilsuiw
 47806 | Shoals:4 | Killed Ilsuiw
 47820 | Shoals:4 | Received a gift from Trog
 48754 | Shoals:4 | Identified the cursed +0 chain mail "Sist" {rCorr Str+3} (You took it off a merfolk javelineer on level 4 of the Shoals)
 48985 | Elf:1    | Entered Level 1 of the Elven Halls
 49540 | Elf:1    | Gained mutation: You have hooves in place of feet. [demonic ancestry]
 49540 | Elf:1    | Reached XP level 21. HP: 166/166 MP: 31/31
 49641 | Elf:1    | Found a radiant altar of Vehumet.
 49715 | Elf:1    | Received a gift from Trog
 49880 | Elf:1    | Noticed Azrael
 49894 | Elf:1    | Killed Azrael
 50777 | Elf:2    | Received a gift from Trog
 51096 | Elf:2    | Reached skill level 15 in Shields
 51107 | Elf:2    | Found a huge runed gate.
 51107 | Elf:2    | Found a huge runed gate.
 51107 | Elf:2    | Found a huge runed gate.
 51107 | Elf:2    | Found a huge runed gate.
 51107 | Elf:2    | Found a huge runed gate.
 51701 | Elf:3    | Entered Level 3 of the Elven Halls
 51701 | Elf:3    | Found Lyutik's Distillery.
 51704 | Elf:3    | Bought a potion of heal wounds for 90 gold pieces
 51704 | Elf:3    | Bought a potion of resistance for 180 gold pieces
 51732 | Elf:3    | Found Seigrier's Weapon Emporium.
 51793 | Elf:3    | Received a gift from Trog
 52286 | Elf:3    | Found Jilon's Book Boutique.
 52794 | Elf:3    | Received a gift from Trog
 53000 | Elf:3    | Received a gift from Trog
 53320 | Elf:3    | Gained mutation: You are mostly covered in sharp spines. [demonic ancestry]
 53320 | Elf:3    | Reached XP level 22. HP: 167/174 MP: 31/33
 53321 | Elf:3    | Identified the +7 plate armour of Cheibriados's Delight {rElec Int+3 Dex+2} (You took it off a deep elf blademaster on level 3 of the Elven Halls)
 53322 | Elf:3    | Got a bound copper ring
 53327 | Elf:3    | Reached skill level 15 in Fighting
 53328 | Elf:3    | Identified the ring of Dorghife {rElec rF+ Dex+4 Slay+3} (You took it off a deep elf blademaster on level 3 of the Elven Halls)
 53364 | Elf:3    | Got a warped silver amulet
 53365 | Elf:3    | Identified the amulet "Madghiar" {Spirit Int+7} (You found it on level 3 of the Elven Halls)
 53366 | Elf:3    | Identified Puos's Disquisition on the Glacier and Malediction
 53401 | Elf:3    | Reached skill level 15 in Evocations
 53530 | Elf:3    | Identified the +5 battleaxe of the Slime-mould {elec, Dex+6 SInv} (You took it off a deep elf sorcerer on level 3 of the Elven Halls)
 53554 | Elf:3    | Identified the +4 helmet of the Fife {rC+} (You found it on level 3 of the Elven Halls)
 53572 | Elf:3    | Found the +3 pair of gauntlets of War {Slay+5}
 53600 | Elf:3    | Identified the Almanac of the Blaze and Beguiling
 54352 | Orc:2    | Bought a scroll of enchant armour for 97 gold pieces
 54352 | Orc:2    | Bought a scroll of enchant armour for 97 gold pieces
 54635 | Depths:1 | Entered Level 1 of the Depths
 54846 | Depths:1 | Got a warped scimitar
 54921 | Depths:1 | Found a corrupted altar of Lugonu.
 54930 | Depths:1 | Received a gift from Trog
 55088 | Depths:1 | Found a gateway to Hell.
 55292 | Depths:1 | Found Ziplilos's Food Emporium.
 55310 | Depths:1 | Found Lapsul's Gadget Shoppe.
 55321 | Depths:1 | Noticed a golden dragon
 55335 | Depths:1 | Killed a golden dragon
 55684 | Depths:1 | Got a sparkling granite ring
 55825 | Depths:1 | Identified the ring of Raischaxy {+Inv MR- Int+4 Dex+2 Stlth+} (You took it off a fire giant on level 1 of the Depths)
 56047 | Depths:2 | Identified the +4 scimitar of Grandeur {vamp, rC+} (You found it on level 1 of the Depths)
 56302 | Depths:2 | Received a gift from Trog
 56412 | Depths:2 | Found a hide-covered altar of Uskayaw.
 57206 | Depths:3 | Received a gift from Trog
 57445 | Depths:3 | Reached skill level 15 in Armour
 57747 | Depths:3 | Gained mutation: You are completely covered in sharp spines. [demonic ancestry]
 57747 | Depths:3 | Reached XP level 23. HP: 159/182 MP: 30/34
 57827 | Depths:3 | Noticed a caustic shrike
 57827 | Depths:3 | a caustic shrike changed into an alligator snapping turtle
 57840 | Depths:3 | Noticed a caustic shrike
 57840 | Depths:3 | a shadow dragon changed into a caustic shrike
 57841 | Depths:3 | a caustic shrike changed into a golden dragon
 57927 | Depths:3 | Found a gateway to a ziggurat.
 57977 | Depths:3 | Got a translucent falchion
 57978 | Depths:3 | Identified the +11 falchion "Giefuo" {drain, rN+ Str+3} (You found it on level 3 of the Depths)
 58030 | Depths:3 | Received a gift from Trog
 58135 | Depths:3 | Got a slimy turquoise ring
 58137 | Depths:3 | Identified the ring "Lirgh" {*Slow MR+++ EV+4 Str+10 Dex-3} (You found it on level 3 of the Depths)
 58918 | Depths:4 | Found a one-way gate to the infinite horrors of the Abyss.
 58999 | Depths:4 | Found Sukew's Gadget Shop.
 58999 | Depths:4 | Found Kesuewif's Gadget Shop.
 59000 | Depths:4 | Found Soodgh's Jewellery Emporium.
 59081 | Depths:4 | Found a portal to a secret trove of treasure.
 59120 | Depths:4 | Noticed Mara
 59130 | Depths:4 | Noticed Alarkh's illusion
 59135 | Depths:5 | Entered Level 5 of the Depths
 59329 | Depths:5 | Found the ring of Robustness {AC+8}
 59538 | Depths:5 | Found a gate to the Realm of Zot.
 59681 | Depths:5 | Received a gift from Trog
 60841 | Depths:4 | Killed Mara
 61584 | Lair:6   | Killed melvinkitnick's ghost
 61807 | D:12     | Bought a scroll of acquirement for 676 gold pieces
 61880 | Bazaar   | Entered a bazaar
 61916 | Bazaar   | Found Bosaodd's Gadget Shop.
 61931 | Bazaar   | Found Ofesacoll's Book Shop.
 61958 | Vaults:1 | Got a warped plate armour
 61969 | Vaults:1 | Identified the +0 plate armour "Beuriuwn" {MR+ MP+9} (You acquired it on level 1 of the Vaults)
 62018 | D:14     | Fell from the grace of Trog
 62018 | D:14     | Became a worshipper of Makhleb the Destroyer
 62118 | Hell     | Entered the Vestibule of Hell
 62118 | Hell     | Noticed Geryon
 62139 | Hell     | Killed Geryon
 62180 | Hell     | Reached skill level 1 in Spellcasting
 62180 | Hell     | Reached skill level 1 in Charms
 62185 | Depths:4 | Reached skill level 1 in Air Magic
 62313 | Depths:4 | Gained mutation: Your flesh is cold resistant. (rC+) [demonic ancestry]
 62313 | Depths:4 | Reached XP level 24. HP: 183/191 MP: 32/35
 62339 | Depths:4 | Reached skill level 2 in Air Magic
 62396 | Hell     | Reached * piety under Makhleb
 62495 | Hell     | Reached skill level 3 in Air Magic
 62620 | Hell     | Gained mutation: You are dopey. (Int -2) [a cacodemon]
 62666 | Hell     | Reached ** piety under Makhleb
 62668 | Hell     | Found a gateway to the freezing wastes of Cocytus.
 62769 | Hell     | Reached skill level 4 in Air Magic
 63007 | Hell     | Found a gateway to the Iron City of Dis.
 63146 | Hell     | Found a gateway to the decaying netherworld of Tartarus.
 63254 | Hell     | Found a gateway to the ashen valley of Gehenna.
 63429 | D:14     | Paralysed by Trog for 4 turns
 63492 | D:11     | Paralysed by Trog for 7 turns
 63999 | Hell     | Learned a level 9 spell: Tornado
 64009 | Hell     | Learned a level 9 spell: Shatter
 64074 | Depths:4 | Voluntarily entered the Abyss.
 64162 | Abyss:1  | Reached skill level 5 in Spellcasting
 64169 | Abyss:1  | Reached skill level 5 in Charms
 64258 | Abyss:1  | Reached skill level 5 in Air Magic
 64549 | Abyss:3  | Gained mutation: You expend magic power (3 MP) to strengthen your wands. [a neqoxec]
 64586 | Depths:4 | Escaped the Abyss
 64659 | Depths:4 | Voluntarily entered the Abyss.
 64678 | Abyss:1  | Found a corrupted altar of Lugonu.
 64826 | Abyss:2  | Reached *** piety under Makhleb
 65150 | Abyss:2  | Reached skill level 6 in Air Magic
 65241 | Abyss:2  | Reached **** piety under Makhleb
 65780 | Abyss:3  | Reached skill level 7 in Air Magic
 65921 | Abyss:3  | Found a runed door.
 65921 | Abyss:3  | Found a runed door.
 65922 | Abyss:3  | Found a runed door.
 65936 | Abyss:3  | Found a corrupted altar of Lugonu.
 65981 | Abyss:3  | Got an abyssal rune of Zot
 65983 | Abyss:3  | Reached ***** piety under Makhleb
 66029 | Abyss:3  | Found a runed door.
 66030 | Abyss:3  | Found a runed door.
 66031 | Abyss:3  | Found a runed door.
 66041 | Abyss:3  | Found a runed door.
 66044 | Abyss:3  | Found a runed door.
 66045 | Abyss:3  | Found a runed door.
 66046 | Abyss:3  | Found a runed door.
 66053 | Abyss:3  | Found a runed door.
 66054 | Abyss:3  | Found a runed door.
 66159 | Abyss:3  | Gained mutation: You are immune to freezing clouds. [demonic ancestry]
 66159 | Abyss:3  | Reached XP level 25. HP: 190/197 MP: 32/35
 66205 | Abyss:3  | Found a shimmering altar of Xom.
 66210 | Abyss:3  | Found a shimmering altar of Xom.
 66210 | Abyss:3  | Found a corrupted altar of Lugonu.
 66213 | Abyss:3  | Found a shimmering altar of Xom.
 66213 | Abyss:3  | Found a shimmering altar of Xom.
 66214 | Abyss:3  | Found a shimmering altar of Xom.
 66215 | Abyss:3  | Found a shimmering altar of Xom.
 66216 | Abyss:3  | Found a shimmering altar of Xom.
 66217 | Abyss:3  | Found a shimmering altar of Xom.
 66236 | Abyss:3  | Reached skill level 8 in Air Magic
 66435 | Depths:4 | Escaped the Abyss
 66646 | Crypt:1  | Entered Level 1 of the Crypt
 67701 | Crypt:2  | Reached skill level 9 in Air Magic
 68659 | Crypt:3  | Entered Level 3 of the Crypt
 68706 | Crypt:3  | Reached ****** piety under Makhleb
 69040 | Crypt:3  | Found an ancient bone altar of Kikubaaqudgha.
 69311 | Crypt:3  | Got a brightly glowing wooden ring
 69311 | Crypt:3  | Got a scintillating bone ring
 69311 | Crypt:3  | Got a shimmering turquoise ring
 69313 | Crypt:3  | Identified the ring "Wyseog" {rF+ rN+} (You found it on level 3 of the Crypt)
 69315 | Crypt:3  | Identified the ring of Koc Itud {rN+ Int+3 Dex+4 Slay+3} (You found it on level 3 of the Crypt)
 69317 | Crypt:3  | Identified the ring of Uxanwuon {*Drain rF+ rN+ MR+ Str+3} (You found it on level 3 of the Crypt)
 69362 | Crypt:3  | Reached skill level 10 in Spellcasting
 69388 | Crypt:3  | Reached skill level 10 in Charms
 69388 | Crypt:3  | Reached skill level 10 in Air Magic
 69491 | Crypt:3  | Learned a level 8 spell: Necromutation
 69544 | Crypt:3  | Found a staircase to the Tomb.
 69547 | Crypt:3  | Noticed Sojobo
 69623 | Crypt:3  | Killed Sojobo
 69868 | Crypt:3  | Got a translucent jade ring
 69870 | Crypt:3  | Identified the ring "Rytzop Ewofe" {rPois rC+ rN+ Int+3} (You found it on level 3 of the Crypt)
 70141 | Crypt:3  | Upgraded the game from 0.22-a0-21-g9421e3f to 0.22-a0-32-ga749362
 70575 | Depths:4 | Bought a wand of digging (9) for 468 gold pieces
 70708 | Vaults:2 | Was forgiven by Trog
 71163 | Zot:1    | Entered Level 1 of the Realm of Zot
 71170 | Zot:1    | Reached skill level 1 in Necromancy
 71179 | Zot:1    | Reached skill level 1 in Transmutations
 71498 | Zot:1    | Reached skill level 11 in Air Magic
 71504 | Zot:1    | Gained mutation: You are completely covered in icy blue scales. (AC +4, rC+) [demonic ancestry]
 71504 | Zot:1    | Reached XP level 26. HP: 204/204 MP: 32/37
 72897 | Zot:2    | Reached skill level 5 in Necromancy
 73375 | Zot:2    | Reached skill level 5 in Transmutations
 74893 | Zot:3    | Reached skill level 12 in Air Magic
 76492 | Zot:4    | Gained mutation: A frigid envelope surrounds you and freezes all who hurt you. [demonic ancestry]
 76492 | Zot:4    | Reached XP level 27. HP: 210/210 MP: 32/39
 76500 | Zot:4    | Reached skill level 10 in Necromancy
 77195 | Zot:5    | Entered Level 5 of the Realm of Zot
 77362 | Zot:5    | Reached skill level 10 in Transmutations
 77729 | Zot:5    | Noticed an ancient lich
 77739 | Zot:5    | Killed an ancient lich
 77960 | Zot:5    | Noticed an orb of fire
 77974 | Zot:5    | Killed an orb of fire
 78076 | Zot:5    | Noticed an ancient lich
 78098 | Zot:5    | Killed an ancient lich
 78129 | Zot:5    | Noticed an orb of fire
 78133 | Zot:5    | Gained mutation: Armour fits poorly on your strangely shaped body. [an orb of fire]
 78140 | Zot:5    | Noticed an orb of fire
 78144 | Zot:5    | Gained mutation: You are very dopey. (Int -4) [an orb of fire]
 78145 | Zot:5    | Gained mutation: You are weak. (Str -2) [an orb of fire]
 78149 | Zot:5    | Killed an orb of fire
 78157 | Zot:5    | Gained mutation: You tend to lose your temper in combat. [an orb of fire]
 78161 | Zot:5    | Gained mutation: Your spells are a little easier to cast, but a little less powerful. [an orb of fire]
 78162 | Zot:5    | Killed an orb of fire
 78241 | Zot:5    | Noticed an orb of fire
 78254 | Zot:5    | Gained mutation: You occasionally shout uncontrollably at your foes. [an orb of fire]
 78255 | Zot:5    | Gained mutation: You sometimes yell uncontrollably at your foes. [an orb of fire]
 78257 | Zot:5    | Killed an orb of fire
 78310 | Zot:5    | Reached skill level 15 in Necromancy
 78608 | Zot:5    | Noticed an ancient lich
 78618 | Zot:5    | Killed an ancient lich
 78802 | Zot:5    | Noticed an ancient lich
 78812 | Zot:5    | Killed an ancient lich
 79333 | Slime:1  | Entered Level 1 of the Pits of Slime
 79511 | Slime:1  | Gained mutation: You do not regenerate when monsters are visible. [a shining eye]
 79512 | Slime:1  | Gained mutation: You are very weak. (Str -4) [a shining eye]
 80181 | Slime:3  | Gained mutation: Scrolls take you a little longer to read. [a shining eye]
 80371 | Slime:1  | Gained mutation: You often lose your temper in combat. [a shining eye]
 80373 | Slime:1  | Gained mutation: You are frail. (-10% HP) [a shining eye]
 80375 | Slime:1  | Gained mutation: You are very frail. (-20% HP) [a shining eye]
 80599 | Slime:1  | Gained mutation: You are occasionally teleported next to monsters. [a shining eye]
 82155 | Slime:5  | Entered Level 5 of the Pits of Slime
 82216 | Slime:5  | Noticed the Royal Jelly
 82264 | Slime:5  | Killed the Royal Jelly
 82441 | Slime:5  | Gained mutation: You are extremely frail. (-30% HP) [a shining eye]
 82443 | Slime:5  | Gained mutation: You are clumsy. (Dex -2) [a shining eye]
 82449 | Slime:5  | Gained mutation: Potions are less effective at restoring your health. [a shining eye]
 82450 | Slime:5  | Reached skill level 15 in Transmutations
 82494 | Slime:5  | Identified the Papyrus of Torrid Poison
 82518 | Slime:5  | Identified the Disquisition on Frigorific Summoning
 82543 | Slime:5  | Got a pitted scimitar
 82552 | Slime:5  | Got a slimy rune of Zot
 82564 | Slime:5  | Identified the Papyrus of Fiery Snow
 82586 | Slime:5  | Got a warped morningstar
 82587 | Slime:5  | Identified the +3 morningstar of the Spider {crush, *Rage rElec Str+2 Stlth+} (You found it on level 5 of the Pits of Slime)
 82604 | Slime:5  | Identified the +0 scimitar "Jomiol Binal" {venom, rF++} (You found it on level 5 of the Pits of Slime)
 82616 | Slime:5  | Identified the +2 scale mail of Past Mistakes {Int+4} (You found it on level 5 of the Pits of Slime)
 83717 | Lair:2   | Lost mutation: You are clumsy. (Dex -2) [potion of mutation]
 83717 | Lair:2   | Lost mutation: You are very dopey. (Int -4) [potion of mutation]
 83717 | Lair:2   | Lost mutation: You have a pair of small antennae on your head. [potion of mutation]
 83717 | Lair:2   | Lost mutation: You are dopey. (Int -2) [potion of mutation]
 83718 | Lair:2   | Lost mutation: Your spells are a little easier to cast, but a little less powerful. [potion of mutation]
 83718 | Lair:2   | Lost mutation: Scrolls take you a little longer to read. [potion of mutation]
 83718 | Lair:2   | Lost mutation: You are very weak. (Str -4) [potion of mutation]
 83718 | Lair:2   | Lost mutation: You often lose your temper in combat. [potion of mutation]
 83719 | Lair:2   | Lost mutation: You are extremely frail. (-30% HP) [potion of mutation]
 83719 | Lair:2   | Lost mutation: Armour fits poorly on your strangely shaped body. [potion of mutation]
 83719 | Lair:2   | Lost mutation: You do not regenerate when monsters are visible. [potion of mutation]
 83719 | Lair:2   | Lost mutation: You are weak. (Str -2) [potion of mutation]
 83719 | Lair:2   | Gained mutation: Your flesh is heat resistant. (rF+) [potion of mutation]
 83720 | Lair:2   | Lost mutation: You are very frail. (-20% HP) [potion of mutation]
 83720 | Lair:2   | Lost mutation: You sometimes yell uncontrollably at your foes. [potion of mutation]
 83720 | Lair:2   | Lost mutation: You occasionally shout uncontrollably at your foes. [potion of mutation]
 83720 | Lair:2   | Lost mutation: You are frail. (-10% HP) [potion of mutation]
 83720 | Lair:2   | Gained mutation: You are covered in fur. (AC +1) [potion of mutation]
 83721 | Lair:2   | Lost mutation: You passively map a small area around you. [potion of mutation]
 83721 | Lair:2   | Lost mutation: You tend to lose your temper in combat. [potion of mutation]
 83721 | Lair:2   | Lost mutation: Potions are less effective at restoring your health. [potion of mutation]
 83721 | Lair:2   | Gained mutation: You possess an exceptional clarity of mind. [potion of mutation]
 83721 | Lair:2   | Gained mutation: You can translocate small distances at will. [potion of mutation]
 83722 | Lair:2   | Lost mutation: You expend magic power (3 MP) to strengthen your wands. [potion of mutation]
 83722 | Lair:2   | Lost mutation: You possess an exceptional clarity of mind. [potion of mutation]
 83722 | Lair:2   | Lost mutation: Your flesh is heat resistant. (rF+) [potion of mutation]
 83722 | Lair:2   | Lost mutation: You are occasionally teleported next to monsters. [potion of mutation]
 83722 | Lair:2   | Gained mutation: Your magical capacity is low. (-10% MP) [potion of mutation]
 83722 | Lair:2   | Gained mutation: Your flesh is very cold resistant. (rC++) [potion of mutation]
 83722 | Lair:2   | Gained mutation: Potions are less effective at restoring your health. [potion of mutation]
 83722 | Lair:2   | Gained mutation: You are highly resistant to hostile enchantments. (MR++) [potion of mutation]
 83723 | Lair:2   | Lost mutation: You are highly resistant to hostile enchantments. (MR++) [potion of mutation]
 83723 | Lair:2   | Lost mutation: You can translocate small distances at will. [potion of mutation]
 83723 | Lair:2   | Lost mutation: Your flesh is very cold resistant. (rC++) [potion of mutation]
 83723 | Lair:2   | Lost mutation: You are resistant to hostile enchantments. (MR+) [potion of mutation]
 83723 | Lair:2   | Gained mutation: You are weak. (Str -2) [potion of mutation]
 83723 | Lair:2   | Gained mutation: Your mind is acute. (Int +2) [potion of mutation]
 83724 | Lair:2   | Lost mutation: Your mind is acute. (Int +2) [potion of mutation]
 83724 | Lair:2   | Lost mutation: Your magical capacity is low. (-10% MP) [potion of mutation]
 83724 | Lair:2   | Lost mutation: You are weak. (Str -2) [potion of mutation]
 83724 | Lair:2   | Gained mutation: You are dopey. (Int -2) [potion of mutation]
 83724 | Lair:2   | Gained mutation: You are somewhat resistant to further mutation. [potion of mutation]
 84076 | Tomb:1   | Entered Level 1 of the Tomb of the Ancients
 84652 | Tomb:1   | Noticed a greater mummy
 84670 | Tomb:1   | Killed a greater mummy
 85035 | Tomb:1   | Noticed a greater mummy
 85048 | Tomb:1   | Killed a greater mummy
 85261 | Tomb:2   | Noticed a greater mummy
 85261 | Tomb:2   | Noticed a greater mummy
 85261 | Tomb:2   | Noticed a greater mummy
 85262 | Tomb:2   | Noticed a greater mummy
 85326 | Tomb:2   | Killed a greater mummy
 85376 | Tomb:2   | Killed a greater mummy
 85382 | Tomb:2   | Cast into level 3 of the Abyss (reaper)
 85576 | Abyss:3  | Paralysed by accursed screaming for 1 turns
 85849 | Abyss:3  | Noticed an ancient lich
 85869 | Abyss:3  | Killed an ancient lich
 86022 | Tomb:2   | Escaped the Abyss
 86030 | Tomb:2   | Killed a greater mummy
 86043 | Tomb:2   | Killed a greater mummy
 86734 | Tomb:1   | Noticed a greater mummy
 86736 | Tomb:1   | Noticed a greater mummy
 86740 | Tomb:1   | Noticed a greater mummy
 86746 | Tomb:1   | Killed a greater mummy
 86751 | Tomb:1   | Killed a greater mummy
 86762 | Tomb:1   | Noticed a greater mummy
 86782 | Tomb:1   | Killed a greater mummy
 86793 | Tomb:1   | Killed a greater mummy
 86840 | Tomb:1   | Noticed a greater mummy
 86852 | Tomb:1   | Noticed a greater mummy
 86852 | Tomb:1   | Killed a greater mummy
 86862 | Tomb:1   | Killed a greater mummy
 86863 | Tomb:1   | Noticed a greater mummy
 86874 | Tomb:1   | Killed a greater mummy
 86876 | Tomb:1   | Noticed a greater mummy
 86891 | Tomb:1   | Killed a greater mummy
 87107 | Tomb:1   | Noticed a greater mummy
 87115 | Tomb:1   | Killed a greater mummy
 87130 | Tomb:1   | Noticed a greater mummy
 87139 | Tomb:1   | Killed a greater mummy
 87207 | Tomb:1   | Noticed a greater mummy
 87212 | Tomb:1   | Noticed a greater mummy
 87215 | Tomb:1   | Noticed a greater mummy
 87220 | Tomb:1   | Killed a greater mummy
 87228 | Tomb:1   | Killed a greater mummy
 87239 | Tomb:1   | Noticed a greater mummy
 87240 | Tomb:1   | Killed a greater mummy
 87413 | Tomb:1   | Killed a greater mummy
 87528 | Tomb:1   | Noticed a greater mummy
 87529 | Tomb:1   | Noticed a greater mummy
 87529 | Tomb:1   | Noticed a greater mummy
 87564 | Tomb:1   | Killed a greater mummy
 87576 | Tomb:1   | Killed a greater mummy
 87614 | Tomb:1   | Killed a greater mummy
 87936 | Tomb:3   | Entered Level 3 of the Tomb of the Ancients
 87952 | Tomb:3   | Noticed Mennas
 88041 | Tomb:3   | Noticed a greater mummy
 88043 | Tomb:3   | Noticed a greater mummy
 88054 | Tomb:3   | Noticed a greater mummy
 88063 | Tomb:3   | Killed a greater mummy
 88205 | Tomb:3   | Noticed an ancient lich
 88209 | Tomb:3   | Killed an ancient lich
 88210 | Tomb:3   | Noticed a greater mummy
 88237 | Tomb:3   | Killed a greater mummy
 88238 | Tomb:3   | Noticed an ancient lich
 88247 | Tomb:3   | Killed an ancient lich
 88288 | Tomb:3   | Reached skill level 15 in Spellcasting
 88406 | Tomb:3   | Noticed a greater mummy
 88406 | Tomb:3   | Noticed a greater mummy
 88418 | Tomb:3   | Killed a greater mummy
 88422 | Tomb:3   | Noticed a greater mummy
 88478 | Tomb:2   | Killed a greater mummy
 88764 | Tomb:3   | Got a golden rune of Zot
 88792 | Tomb:3   | Killed a greater mummy
 88810 | Tomb:3   | Killed a greater mummy
 88869 | Tomb:2   | Killed Mennas
 88926 | Tomb:3   | Killed a greater mummy
 88983 | Tomb:3   | Found the +7 great mace "Undeadhunter" {disrupt, rN+}
 89021 | Tomb:3   | Identified Hafauk's Guide on Clay and the Compass
 89041 | Tomb:3   | Identified the +7 plate armour of Genoczil {MR+} (You found it on level 3 of the Tomb of the Ancients)
 89044 | Tomb:3   | Got a translucent glass ring
 89045 | Tomb:3   | Identified the ring "Gakhawk" {rN+ Slay+4 Stlth+} (You found it on level 3 of the Tomb of the Ancients)
 89381 | Tomb:3   | Got a scorched leather armour
 89382 | Tomb:3   | Identified the +1 leather armour of Absolutism {-Cast Int+6 SInv} (You found it on level 3 of the Tomb of the Ancients)
 89858 | Hell     | Learned a level 5 spell: Aura of Abjuration
 89863 | Hell     | Learned a level 4 spell: Airstrike
 89872 | Hell     | Learned a level 8 spell: Infestation
 90046 | Pan      | Entered Pandemonium
 90103 | Pan      | Identified the +10 plate armour "Taj Copp" {Str+2} (You found it in Pandemonium)
 90114 | Pan      | Noticed Roacveleusk the pandemonium lord
 90134 | Pan      | Reached skill level 1 in Summonings
 90170 | Pan      | Killed Roacveleusk the pandemonium lord
 90195 | Depths:3 | Escaped Pandemonium
 90259 | Pan      | Entered Pandemonium
 90811 | Pan      | Noticed Ziac the pandemonium lord
 90824 | Pan      | Killed Ziac the pandemonium lord
 91448 | Pan      | Noticed Cozid the pandemonium lord
 91468 | Pan      | Killed Cozid the pandemonium lord
 91473 | Pan      | Reached skill level 13 in Air Magic
 91519 | Pan      | Reached skill level 5 in Summonings
 91550 | Pan      | Found a runed door.
 91555 | Pan      | Got a demonic rune of Zot
 92101 | Pan      | Noticed Secegryu the pandemonium lord
 92118 | Pan      | Killed Secegryu the pandemonium lord
 92363 | Pan      | Got a shimmering turquoise ring
 92364 | Pan      | Identified the ring of Myc Hamp {rC+ MR++ Dex+4} (You took it off a corrupter in Pandemonium)
 93212 | Pan      | Found an exit through the horrors of the Abyss.
 93485 | Pan      | Found a runed door.
 93579 | Pan      | Noticed Vuthomme the pandemonium lord
 93597 | Pan      | Killed Vuthomme the pandemonium lord
 93597 | Pan      | Reached skill level 14 in Air Magic
 93946 | Pan      | Noticed Baguq the pandemonium lord
 93960 | Pan      | Killed Baguq the pandemonium lord
 94436 | Pan      | Found a transporter.
 94705 | Pan      | Found a transporter.
 95022 | Pan      | Identified the +4 morningstar of the Vine {crush, MR+ Int+3} (You found it in Pandemonium)
 95028 | Pan      | Identified the Catalogue of Cold and Malediction
 95054 | Pan      | Got a twitching silver ring
 95071 | Pan      | Got a sparkling brass ring
 95078 | Pan      | Got a scintillating silver ring
 95096 | Pan      | Identified the ring "Haubiu" {rPois rF++ rC+ Dex+3 Stlth+} (You found it in Pandemonium)
 95097 | Pan      | Identified the ring of Qazlal's Envy {Dex+3 Stlth-} (You found it in Pandemonium)
 95098 | Pan      | Identified the ring "Gadu" {rElec Str+7 SInv} (You found it in Pandemonium)
 95182 | Pan      | Entered the realm of Mnoleg.
 95572 | Pan      | Reached skill level 10 in Summonings
 95609 | Pan      | Reached skill level 15 in Air Magic
 95634 | Pan      | Got a glowing rune of Zot
 95637 | Pan      | Noticed Mnoleg
 95677 | Pan      | Killed Mnoleg
 97790 | Pan      | Noticed Bumow the pandemonium lord
 97797 | Pan      | Killed Bumow the pandemonium lord
 97995 | Pan      | Upgraded the game from 0.22-a0-32-ga749362 to 0.22-a0-40-g3d2f077
 98195 | Pan      | Noticed Eneanyhe the pandemonium lord
 98228 | Pan      | Killed Eneanyhe the pandemonium lord
 98247 | Pan      | HP: 10/209 [Tzitzimitl/dispel undead (53)]
 98736 | Pan      | Reached skill level 16 in Air Magic
 99077 | Pan      | Entered the realm of Cerebov.
 99474 | Pan      | Identified the cursed +0 ring mail "Ufucog" {rPois Int+2} (You found it in Pandemonium)
 99515 | Pan      | Noticed Cerebov
 99881 | Pan      | Found an exit through the horrors of the Abyss.
101137 | Pan      | Killed Cerebov
101137 | Pan      | Reached skill level 17 in Air Magic
101205 | Pan      | Got a fiery rune of Zot
101330 | Pan      | Took an exit into the Abyss.
101330 | Abyss:1  | Escaped into the Abyss
101330 | Abyss:1  | Found a corrupted altar of Lugonu.
101657 | Abyss:1  | Found a corrupted altar of Lugonu.
101727 | Depths:3 | Escaped the Abyss
102034 | Pan      | Entered the realm of Lom Lobon.
102034 | Pan      | Entered Pandemonium
102034 | Pan      | Found an exit through the horrors of the Abyss.
102549 | Pan      | Noticed Lom Lobon
102826 | Pan      | Killed Lom Lobon
103017 | Pan      | Got a magical rune of Zot
103155 | Pan      | Upgraded the game from 0.22-a0-40-g3d2f077 to 0.22-a0-44-geb883ae
103205 | Pan      | Reached skill level 18 in Air Magic
104124 | Pan      | Noticed Iladghoen the pandemonium lord
104142 | Pan      | Killed Iladghoen the pandemonium lord
104248 | Pan      | Got a pitted dagger
104257 | Pan      | Identified the +3 dagger of the Final Chapter {pierce, *Corrode rN+ MR++ Dex+4} (You found it in Pandemonium)
104270 | Pan      | Entered the realm of Gloorx Vloq.
105120 | Pan      | Reached skill level 19 in Air Magic
105229 | Pan      | Noticed Gloorx Vloq
105254 | Pan      | Killed Gloorx Vloq
105263 | Pan      | Got a dark rune of Zot
105570 | Pan      | Noticed Xuixog the pandemonium lord
105589 | Pan      | Killed Xuixog the pandemonium lord
105833 | Pan      | Found an exit through the horrors of the Abyss.
106126 | Pan      | Reached skill level 20 in Air Magic
106336 | Depths:3 | Escaped Pandemonium
106628 | Vaults:5 | Entered Level 5 of the Vaults
106728 | Vaults:5 | Noticed Boris
106740 | Vaults:5 | Killed Boris
106740 | Vaults:5 | Reached skill level 21 in Air Magic
106745 | Vaults:5 | Noticed Frederick
106760 | Vaults:5 | Killed Frederick
107112 | Vaults:5 | Got a warped bronze ring
107176 | Vaults:5 | Noticed Margery
107204 | Vaults:5 | Killed Margery
107219 | Vaults:5 | Reached skill level 22 in Air Magic
107625 | Vaults:5 | Identified the Papyrus of the Mountains and the Entourage
107666 | Vaults:5 | Got a steaming tin ring
108341 | Vaults:5 | Got a silver rune of Zot
108342 | Vaults:5 | Identified the ring "Urasmo" {Wiz rC+ Str+3} (You took it off a deep elf annihilator on level 5 of the Vaults)
108343 | Vaults:5 | Identified the ring of the Final Mice {Fire Dex+5} (You found it on level 5 of the Vaults)
108451 | Vaults:5 | Got a bloodstained ring mail
108462 | Vaults:5 | Identified the +5 ring mail of Resourcefulness {rC+ MR+} (You found it on level 5 of the Vaults)
109628 | Depths:4 | You paid a toll of 14 potions of heal wounds to enter a treasure trove
109629 | Trove    | Entered a treasure trove
109755 | Coc:1    | Entered Level 1 of Cocytus
110553 | Coc:5    | Noticed an ancient lich
110564 | Coc:5    | Killed an ancient lich
110822 | Coc:7    | Entered Level 7 of Cocytus
110891 | Coc:7    | Reached skill level 23 in Air Magic
111023 | Coc:7    | Noticed the Serpent of Hell
111040 | Coc:7    | Killed the Serpent of Hell
111194 | Coc:7    | Noticed Antaeus
112078 | Coc:7    | Reached skill level 24 in Air Magic
112392 | Tar:1    | Entered Level 1 of Tartarus
113280 | Hell     | Learned a level 6 spell: Iron Shot
113288 | Hell     | Learned a level 7 spell: Spellforged Servitor
113387 | Tar:1    | Reached skill level 1 in Earth Magic
113401 | Tar:1    | Reached skill level 1 in Conjurations
113486 | Tar:1    | Reached skill level 5 in Earth Magic
113493 | Tar:1    | Found a shadowy altar of Dithmenos.
113682 | Tar:2    | Reached skill level 5 in Conjurations
114355 | Tar:4    | Reached skill level 10 in Earth Magic
114632 | Tar:7    | Entered Level 7 of Tartarus
115032 | Tar:7    | Noticed an ancient lich
115035 | Tar:7    | Noticed an ancient lich
115042 | Tar:7    | Killed an ancient lich
115044 | Tar:7    | Killed an ancient lich
115044 | Tar:7    | Reached skill level 10 in Conjurations
115044 | Tar:7    | Reached skill level 15 in Summonings
115049 | Tar:7    | Identified the Incunabulum of Dark Rituals
115254 | Tar:7    | Identified the Handbook of Augmentations and Calling
115345 | Tar:7    | Identified the Almanac of Creative Earth
115970 | Tar:7    | Got a bone rune of Zot
115981 | Tar:7    | Noticed Ereshkigal
116128 | Tar:7    | Killed Ereshkigal
116216 | Tar:7    | Got a pitted golden ring
116222 | Tar:7    | Identified the ring "Vass" {rC+ MP+9 Str+2 SInv} (You found it on level 7 of Tartarus)
116438 | Hell     | Upgraded the game from 0.22-a0-44-geb883ae to 0.22-a0-49-g614aadd
116458 | Geh:1    | Entered Level 1 of Gehenna
117957 | Geh:7    | Entered Level 7 of Gehenna
118126 | Geh:7    | Reached skill level 25 in Air Magic
118449 | Geh:7    | Found the +8 demon blade "Bloodbane" {slice, *Rage +Rage Stlth-}
118513 | Geh:7    | Noticed Asmodeus
118544 | Geh:7    | Killed Asmodeus
118588 | Geh:7    | Got a vibrating silver ring
118589 | Geh:7    | Identified the ring of Cafy {Dex+2 Stlth-} (You found it on level 7 of Gehenna)
118597 | Geh:7    | Identified the Collected Works on Talismans and Translocation
118606 | Geh:7    | Got an obsidian rune of Zot
118611 | Geh:7    | Identified the Disquisition on the Oath
118630 | Geh:7    | Identified the Papyrus of Poison and Earth
119658 | Dis:1    | Entered Level 1 of the Iron City of Dis
120434 | Dis:5    | Reached skill level 15 in Earth Magic
120570 | Dis:5    | Upgraded the game from 0.22-a0-49-g614aadd to 0.22-a0-63-geddfa9b
120776 | Dis:5    | Reached skill level 26 in Air Magic
121039 | Dis:7    | Entered Level 7 of the Iron City of Dis
122187 | Dis:7    | Identified the Compendium of Dusty Creation
122197 | Dis:7    | Identified the Disquisition on Poisonous Curses
122292 | Dis:7    | Identified the Disquisition on the Snowflakes and Shape Shifting
122310 | Dis:7    | Found the +2 cloak of the Thief {+Fog Slay-2 SInv Stlth+}
122707 | Dis:7    | Noticed Dispater
122885 | Dis:7    | Got a warped double sword
122886 | Dis:7    | Identified the +6 double sword of Pride {venom, Str+2 SInv} (You found it on level 7 of the Iron City of Dis)
122948 | Dis:7    | Reached skill level 15 in Conjurations
122959 | Dis:7    | Killed Dispater
122974 | Dis:7    | Identified the cursed +1 ring mail of Satisfaction {rElec rPois Int+3 Slay-2} (You found it on level 7 of the Iron City of Dis)
122976 | Dis:7    | Got an iron rune of Zot
123468 | Hell     | Lost mutation: You are somewhat resistant to further mutation. [potion of mutation]
123468 | Hell     | Lost mutation: You are covered in fur. (AC +1) [potion of mutation]
123468 | Hell     | Lost mutation: Potions are less effective at restoring your health. [potion of mutation]
123468 | Hell     | Gained mutation: Your spells are a little harder to cast, but a little more powerful. [potion of mutation]
123468 | Hell     | Gained mutation: You evolve. [potion of mutation]
123509 | Hell     | Learned a level 9 spell: Glaciate
123645 | D:14     | Lost mutation: You are dopey. (Int -2) [evolution]
124174 | Coc:5    | Reached skill level 1 in Ice Magic
124232 | Coc:6    | Reached skill level 27 in Air Magic
124497 | Coc:7    | Killed Antaeus
124499 | Coc:7    | Got a shimmering bronze ring
124515 | Coc:7    | Got an icy rune of Zot
124519 | Coc:7    | Identified the ring "Ovaenoot" {*Tele +Inv rF+ Str+5 Stlth+} (You took it off Antaeus on level 7 of Cocytus)
124903 | Pan      | Entered Pandemonium
125028 | Pan      | Killed from afar by a Tzitzimitl

Vault maps used:
D:1:      minmay_arrival_radiant_lines, lexackson_kobold_supper
D:2:      tso_oasis_becter, minivault_5
D:3:      first_ration, uniq_robin, uniq_grinder
D:4:      enter_ossuary_5
D:5:      gup_sewer_entry_spiral, uniq_menkaure
D:6:      minmay_temple_entry_large_hall, serial_shops, shop,
          grunt_ministairs_8, hangedman_decor_push
D:7:      nrook_mini_backslash
D:8:      serial_shops, shop, uniq_maurice
D:9:      kennysheep_ambush_hall, grunt_lair_entry_orc_guard_hut
D:11:     serial_column_ruins, column_ruins_hut_pillars, column_ruins_grid_1,
          column_ruins_columns_plus, column_ruins_grid_3,
          column_ruins_corridor_corner, the_bakery
D:12:     serial_shops, shop
D:13:     minmay_the_grid_square_5x5_4x4
D:14:     lightli_vaults_fourway_checkpoint, serial_shops, nicolae_shop_stone,
          basic_altar, tso_metal_star, uniq_snorg
D:15:     gammafunk_depths_entry_grave, nicolae_dithmenos_shadow_blocks
Temple:   grunt_wide_crystal_templ
Lair:2:   gammafunk_cloud_chamber, beast_lair_carwin_2, uniq_gastronok
Lair:3:   minmay_shoals_entry_lonely_mermaid, minmay_snake_entry_six_corridors,
          roderic_batcave
Lair:4:   lab_entry_generic, special_room, lemuel_oklob_altar
Lair:5:   small_statue_intersection
Lair:6:   hangedman_lair_in_review, minmay_slime_entry_oklob_enclosed,
          serial_bayou_ford_a
Shoals:4: shoals_end_grunt_garden, shoals_ilsuiw_alternative
Snake:1:  uniq_frances
Snake:2:  serial_shops, nicolae_shop_trees
Snake:3:  uniq_donald, uniq_nikola, uniq_saint_roka, uniq_agnes, uniq_bai_suzhen
Snake:4:  snake_pit, serial_shops, bzr_entry_dummy, serial_bayou_pond_a,
          lemuel_fruit_tree, uniq_aizul, uniq_jorgrun, uniq_vashnia
Slime:1:  nicolae_slime_barrier
Orc:1:    gammafunk_beogh_shrine, basic_altar, uniq_erica
Orc:2:    pf_orc_diabolical, bloody_trog, uniq_josephine, uniq_sonja
Elf:1:    basic_altar, hangedman_elf_disciples, uniq_azrael
Elf:2:    grunt_megastairs_1
Elf:3:    minmay_elf_hall, serial_shops, shop, shop_fountains, shop
Vaults:1: st_smaller_cells, hangedman_vaults_stretched_pinwheel,
          nicolae_vaults_hallways_thing, vaults_room_door_hall,
          nicolae_vaults_big_ls, nicolae_vaults_circle_grid_b,
          vaults_room_fours, v_misc_26, grunt_vaults_hallway_long,
          v_alt_pattern_4, ontoclasm_vaults_loading_screen,
          hangedman_vaults_capsules, serial_shops, bzr_entry_road,
          nicolae_shop_stone, shop, shop
Vaults:2: hangedman_vaults_nodes, dpeg_vaults_pockets_of_resistance,
          grunt_vaults_focal, hangedman_vaults_impose, grunt_vaults_diagonal,
          vaults_mumra_lcd, nicolae_vaults_what_the_h, nicolae_vaults_asterisk,
          hangedman_vaults_cutoff, v_misc_8, nicolae_vaults_network_barrier,
          v_misc_1, vaults_room_corners
Vaults:3: minmay_crypt_entry_simple_round, hangedman_vaults_stagger,
          hangedman_vaults_variations, nicolae_vaults_little_squares_1,
          special_room_vaults, ontoclasm_vaults_loading_screen,
          vaults_dpeg_encased_lava, basic_altar
Vaults:4: hangedman_vaults_hard_town_square, v_pattern_5,
          nicolae_vaults_alarming, vaults_standard_mumra_x, vaults_room_corners,
          serial_ice_h, ontoclasm_vaults_gateway
Vaults:5: serial_shops, uniq_frederick, uniq_margery, uniq_boris
Crypt:1:  grunt_ministairs_8
Crypt:2:  serial_glass, glass_columns_b, glass_columns_b, due_unseen_surprise,
          basic_stair_grate_trap
Crypt:3:  grunt_crypt_end_deaths_head, uniq_sojobo
Tomb:3:   uniq_mennas
Depths:1: evilmike_pillar_path, patterned_corridor, grunt_hell_entry_dis_mu,
          serial_shops, shop, kennysheep_mini, tgw_lugonu_bribe
Depths:2: kennysheep_spiral_hall, lemuel_crystal_altar, hell_entry
Depths:3: radiant_caverns_a_rkd, hell_entry, pan_entry
Depths:4: nicolae_whirlpool, enter_trove_2, pan_entry, hell_entry, abyss_entry,
          minmay_shop_grove, infiniplex_staircase_spiral_double, firewood_loft,
          serial_bayou_shore_b, uniq_mara
Depths:5: grunt_twist_and_shout, abyss_entry, hell_entry, nrook_loot_triangle,
          minmay_guarded_unrand_robustness, infiniplex_staircase_pool_lava,
          serial_bayou_shore_b
Dis:2:    grunt_megastairs_3
Dis:3:    hangedman_player_shredder, lemuel_elevator
Dis:4:    evilmike_ambush
Dis:5:    grunt_dis_stairs_iron_hall
Dis:6:    hangedman_dis_decor_tower, lemuel_elevator
Dis:7:    iron_city_of_dis
Geh:3:    lemuel_flamethrower_2
Geh:4:    nicolae_geh_single_fiery_grave, hangedman_elemental_grid_stream
Geh:7:    geh_mu
Coc:7:    coc_grunt
Tar:1:    regret_index_dithmenos_brocken_genspenst
Tar:3:    nicolae_tar_cuneiform_sun, nicolae_tar_cuneiform_heaven,
          hangedman_mysterious_dungeon_monster_house, lemuel_elevator
Tar:5:    nicolae_tar_cuneiform_bird
Tar:7:    tar_grunt_cathedral
Zot:1:    hangedman_zot_decor_checkerboard
Zot:3:    hangedman_zot_wheel_spokes, basic_stair_grate_trap
Zot:4:    kennysheep_bubbly, zot_minivault_5
Zot:5:    guppyfry_library_mini
Abyss:1:  bh_abyss_exit_spiral, minivault_11
Abyss:2:  hangedman_classic_abyss_death
Abyss:3:  due_exit_kobolds, minivault_25, evilmike_abyss_exit_8,
          due_evilmike_abyss_rune_seething_liches, evilmike_abyss_exit_12
Pan:      evilmike_mini_pan_thingy, rand_demon_2, evilmike_mini_pan_thingy,
          evilmike_mini_pan_rooms, regret_index_pan_draining_boxed,
          pan_blood_fountain_small, evilmike_mini_pan_other_thingy,
          rand_demon_4, rand_demon_9, pan_blood_fountain, grunt_pan_zigzag,
          pan_blood_fountain, gammafunk_dig_for_victory, mnoleg_grunt,
          rand_demon_4, nicolae_pan_glass_arcs, pan_blood_fountain,
          cerebov_grunt_fire_and_steel, lom_lobon_st, pan_blood_fountain_small,
          pan_captured_pigsty, evilmike_mini_pan_pillars_b, pan_blood_fountain,
          nicolae_pan_sigil_nadil, nicolae_pan_cerebovesque_3,
          gloorx_vloq_grunt, evilmike_mini_pan_branches, rand_demon_8,
          nicolae_pan_lom_lobonic_2
Lab:      labyrinth_hidden_loot, nicolae_lab_x, lab_fountain, lab_hedge,
          nicolae_lab_swirl, nicolae_lab_grate_2
Bazaar:   bazaar_jpeg_circle_common, bazaar_jpeg_cross
Trove:    trove_misc_throne_room
Ossuary:  ossuary_tomb_1

Skill      XL: |  1  2  3  4  5  6  7  8  9 10 11 12 13 14 15 16 17 18 19 20 21 22 23 24 25 26 27 |
---------------+----------------------------------------------------------------------------------+-----
Long Blades    | 3 4 6 7 9 11 13 15 16 17 18 | 18.0
Armour         | 3 5 7 8 9 11 12 13 14 15 | 15.5
Dodging        | 3 5 7 9 11 13 14 15 16 | 16.3
Evocations     | 3 5 7 9 10 12 13 14 15 16 18 | 18.4
Fighting       | 4 6 8 9 10 12 13 14 15 16 | 16.1
Stealth        | 4 6 8 9 10 12 13 14 | 14.3
Shields        | 1 4 5 6 8 9 13 15 16 | 16.3
Spellcasting   | 1 7 10 12 23 | 23.1
Charms         | 1 7 11 12 | 12.0
Air Magic      | 1 7 11 12 27 | 27.0
Necromancy     | 2 9 24 | 24.2
Transmutations | 2 8 20 | 20.0
Summonings     | 18 | 18.0
Earth Magic    | 15 | 15.0
Conjurations   | 15 | 15.4
Ice Magic      | 4 |  4.5

Action                   |  1- 3 |  4- 6 |  7- 9 | 10-12 | 13-15 | 16-18 | 19-21 | 22-24 | 25-27 || total
-------------------------+-------+-------+-------+-------+-------+-------+-------+-------+-------++-------
Melee: Falchion          |   174 |   215 |   583 |  1262 |   171 |       |       |       |       ||  2405
       Great sword       |       |       |       |       |   457 |       |       |       |       ||   457
       Scimitar          |       |       |       |       |   971 |  1510 |  2008 |    16 |       ||  4505
       Kick              |       |       |       |       |       |       |   164 |  1077 |  5483 ||  6724
       Double sword      |       |       |       |       |       |       |       |  1591 |  9250 || 10841
       Demon blade       |       |       |       |       |       |       |       |   140 |       ||   140
       Unarmed           |       |       |       |       |       |       |       |       |    18 ||    18
       Staff             |       |       |       |       |       |       |       |       |     3 ||     3
 Cast: Necromutation     |       |       |       |       |       |       |       |       |   273 ||   273
       Tornado           |       |       |       |       |       |       |       |       |    94 ||    94
       Iron Shot         |       |       |       |       |       |       |       |       |    35 ||    35
       Aura of Abjuratio |       |       |       |       |       |       |       |       |    14 ||    14
       Spellforged Servi |       |       |       |       |       |       |       |       |    13 ||    13
       Infestation       |       |       |       |       |       |       |       |       |     7 ||     7
       Airstrike         |       |       |       |       |       |       |       |       |     6 ||     6
       Deflect Missiles  |       |       |       |       |       |       |       |       |     5 ||     5
       Shatter           |       |       |       |       |       |       |       |       |     2 ||     2
       Silence           |       |       |       |       |       |       |       |       |     1 ||     1
Invok: Berserk           |     5 |     8 |    14 |    24 |    24 |     6 |     6 |     1 |       ||    88
       Trog's Hand       |       |     3 |       |     2 |     1 |     1 |       |       |       ||     7
       Brothers in Arms  |       |       |       |     8 |    12 |     7 |       |       |       ||    27
       Burn Spellbooks   |       |       |       |       |       |       |       |     2 |       ||     2
       Greater Servant o |       |       |       |       |       |       |       |       |     1 ||     1
 Abil: Evoke Flight      |       |       |       |       |       |       |       |     6 |     2 ||     8
       Evoke Blink       |       |       |       |       |       |       |       |     1 |     1 ||     2
       Stop Flying       |       |       |       |       |       |       |       |     1 |       ||     1
       End Transformatio |       |       |       |       |       |       |       |       |     5 ||     5
       Evoke Fog         |       |       |       |       |       |       |       |       |     1 ||     1
Evoke: Wand              |       |       |       |    23 |    26 |       |       |       |    11 ||    60
       Lightning rod     |       |       |       |       |       |       |     4 |       |       ||     4
       Phial of floods   |       |       |       |       |       |       |     1 |       |       ||     1
       Staff of energy   |       |       |       |       |       |       |       |       |   142 ||   142
       Crystal ball of e |       |       |       |       |       |       |       |       |     3 ||     3
       Sceptre of Asmode |       |       |       |       |       |       |       |       |     1 ||     1
       Phantom mirror    |       |       |       |       |       |       |       |       |     1 ||     1
  Use: Scroll            |     3 |     1 |     7 |     9 |    19 |    11 |     8 |    18 |    72 ||   148
       Potion            |       |     5 |     5 |     7 |     5 |     4 |     8 |     3 |    32 ||    69
 Stab: Sleeping          |     6 |     2 |     4 |     4 |    35 |    27 |    65 |    35 |   149 ||   327
       Distracted        |       |     1 |     2 |     1 |     6 |     5 |    10 |    13 |   111 ||   149
       Paralysed         |       |       |       |    22 |       |       |       |       |       ||    22
       Invisible         |       |       |       |       |    10 |       |       |     1 |       ||    11
       Petrifying        |       |       |       |       |     1 |       |       |       |       ||     1
       Petrified         |       |       |       |       |     5 |       |       |       |       ||     5
  Eat: Chunk             |     9 |    10 |    21 |    38 |    60 |    27 |    50 |    28 |    45 ||   288
       Ration            |       |     2 |     3 |     5 |     2 |     4 |     1 |     5 |    25 ||    47
Armor: Animal skin       |    27 |    54 |     8 |       |       |       |       |       |       ||    89
       Ring mail         |       |       |   176 |   241 |       |    55 |       |    61 |   126 ||   659
       Skin              |       |       |     3 |       |       |       |       |       |     3 ||     6
       Acid dragon scale |       |       |       |   169 |   458 |       |       |       |  2027 ||  2654
       Shadow dragon sca |       |       |       |       |    89 |   124 |       |       |       ||   213
       Storm dragon scal |       |       |       |       |       |   289 |   523 |     2 |       ||   814
       Ice dragon scales |       |       |       |       |       |       |       |   291 |       ||   291
       Scale mail        |       |       |       |       |       |       |       |       |    42 ||    42
Dodge: Dodged            |    89 |   154 |   265 |   664 |   907 |   578 |   828 |   837 |  5635 ||  9957
       Deflected         |       |       |       |       |       |       |       |       |    28 ||    28
Block: Shield            |       |       |       |       |   193 |       |  1057 |  1349 |  7799 || 10398
       Buckler           |       |       |       |       |   108 |   377 |   167 |       |       ||   652
       Rpst.: Falchion   |    26 |    49 |    88 |   182 |    25 |       |       |       |       ||   370
       Great sword       |       |       |       |       |    91 |       |       |       |       ||    91
       Scimitar          |       |       |       |       |   122 |   134 |   176 |     1 |       ||   433
       Demon blade       |       |       |       |       |       |     1 |       |     9 |       ||    10
       Double sword      |       |       |       |       |       |       |       |   116 |   997 ||  1113

Table legend:
 A = Spawn XP
 B = Non-spawn XP
 C = Spawn XP percentage of total XP
 D = Spawn monster count
 E = Non-spawn monster count
 F = Spawn count percentage of total count
 G = Total turns spent on level
                    A         B        C        D         E        F      G
               +---------+---------+-------+---------+---------+-------+---------
         Total |  251408 | 4091063 |   5.8 |     374 |    5239 |   6.7 | 125028
               +---------+---------+-------+---------+---------+-------+---------
           D:1 |       0 |      61 |   0.0 |       0 |      35 |   0.0 |  1402
           D:2 |       0 |      77 |   0.0 |       0 |      18 |   0.0 |  1580
           D:3 |       0 |     394 |   0.0 |       0 |      43 |   0.0 |  1158
           D:4 |       0 |     255 |   0.0 |       0 |      15 |   0.0 |   479
           D:5 |       0 |     885 |   0.0 |       0 |      20 |   0.0 |  1130
           D:6 |       0 |     631 |   0.0 |       0 |      23 |   0.0 |  1215
           D:7 |       0 |     639 |   0.0 |       0 |      21 |   0.0 |  1146
           D:8 |       0 |    1219 |   0.0 |       0 |      17 |   0.0 |  1300
           D:9 |       0 |    2544 |   0.0 |       0 |      35 |   0.0 |  2102
          D:10 |       0 |    2204 |   0.0 |       0 |      30 |   0.0 |  1819
          D:11 |       0 |    3742 |   0.0 |       0 |      20 |   0.0 |  1563
          D:12 |       0 |    9903 |   0.0 |       0 |      50 |   0.0 |  1197
          D:13 |       0 |   19503 |   0.0 |       0 |      59 |   0.0 |  1888
          D:14 |       0 |   22891 |   0.0 |       0 |      54 |   0.0 |  1508
          D:15 |       0 |   15685 |   0.0 |       0 |      39 |   0.0 |  1468
        Temple |       0 |      36 |   0.0 |       0 |       1 |   0.0 |   184
        Lair:1 |       0 |    5771 |   0.0 |       0 |      26 |   0.0 |  1954
        Lair:2 |       0 |    7253 |   0.0 |       0 |      27 |   0.0 |  1750
        Lair:3 |       0 |    7726 |   0.0 |       0 |      47 |   0.0 |  1881
        Lair:4 |       0 |   11922 |   0.0 |       0 |      45 |   0.0 |  1480
        Lair:5 |       0 |    4095 |   0.0 |       0 |      13 |   0.0 |   883
        Lair:6 |       0 |   25026 |   0.0 |       0 |      65 |   0.0 |  2202
      Shoals:1 |       0 |   21143 |   0.0 |       0 |      42 |   0.0 |  1123
      Shoals:2 |       0 |   10528 |   0.0 |       0 |      21 |   0.0 |   988
      Shoals:3 |       0 |   22920 |   0.0 |       0 |      49 |   0.0 |  1251
      Shoals:4 |       0 |   53436 |   0.0 |       0 |      88 |   0.0 |  1757
       Snake:1 |       0 |   10384 |   0.0 |       0 |      18 |   0.0 |  1212
       Snake:2 |       0 |   22104 |   0.0 |       0 |      40 |   0.0 |  1301
       Snake:3 |       0 |   32464 |   0.0 |       0 |      51 |   0.0 |  1351
       Snake:4 |       0 |   54368 |   0.0 |       0 |      72 |   0.0 |  1645
       Slime:1 |       0 |   16480 |   0.0 |       0 |      32 |   0.0 |   796
       Slime:2 |       0 |   24028 |   0.0 |       0 |      38 |   0.0 |   723
       Slime:3 |       0 |   20126 |   0.0 |       0 |      44 |   0.0 |   903
       Slime:4 |       0 |   15479 |   0.0 |       0 |      32 |   0.0 |   530
       Slime:5 |       0 |   38699 |   0.0 |       0 |      34 |   0.0 |   883
         Orc:1 |       0 |   13272 |   0.0 |       0 |      69 |   0.0 |  1594
         Orc:2 |       0 |   16390 |   0.0 |       0 |      83 |   0.0 |  1778
         Elf:1 |       0 |   27473 |   0.0 |       0 |      46 |   0.0 |  1470
         Elf:2 |       0 |   44462 |   0.0 |       0 |      62 |   0.0 |  1417
         Elf:3 |       0 |   71438 |   0.0 |       0 |      65 |   0.0 |  2587
      Vaults:1 |       0 |   41437 |   0.0 |       0 |      57 |   0.0 |  1864
      Vaults:2 |       0 |   60059 |   0.0 |       0 |      91 |   0.0 |  1961
      Vaults:3 |       0 |   32733 |   0.0 |       0 |      69 |   0.0 |  2081
      Vaults:4 |       0 |   43038 |   0.0 |       0 |      65 |   0.0 |  1777
      Vaults:5 |       0 |  184910 |   0.0 |       0 |     143 |   0.0 |  2709
       Crypt:1 |       0 |   27308 |   0.0 |       0 |      37 |   0.0 |   796
       Crypt:2 |       0 |   25266 |   0.0 |       0 |      37 |   0.0 |  1454
       Crypt:3 |       0 |   87904 |   0.0 |       0 |     129 |   0.0 |  1691
        Tomb:1 |       0 |  187703 |   0.0 |       0 |     118 |   0.0 |  2409
        Tomb:2 |       0 |   67030 |   0.0 |       0 |      74 |   0.0 |  1384
        Tomb:3 |       0 |  108000 |   0.0 |       0 |     103 |   0.0 |  1020
      Depths:1 |       0 |   62555 |   0.0 |       0 |      78 |   0.0 |  1597
      Depths:2 |       0 |   20565 |   0.0 |       0 |      32 |   0.0 |   928
      Depths:3 |       0 |   64401 |   0.0 |       0 |     102 |   0.0 |  2253
      Depths:4 |       0 |   57503 |   0.0 |       0 |      64 |   0.0 |  1813
      Depths:5 |       0 |   66874 |   0.0 |       0 |      50 |   0.0 |  1695
          Hell |       0 |   58148 |   0.0 |       0 |      81 |   0.0 |  2597
         Dis:1 |       0 |   15788 |   0.0 |       0 |      40 |   0.0 |   239
         Dis:2 |       0 |   10616 |   0.0 |       0 |      18 |   0.0 |   167
         Dis:3 |       0 |     309 |   0.0 |       0 |       1 |   0.0 |     6
         Dis:4 |       0 |   28296 |   0.0 |       0 |      43 |   0.0 |   227
         Dis:5 |       0 |   56683 |   0.0 |       0 |      74 |   0.0 |   496
         Dis:6 |       0 |   11188 |   0.0 |       0 |      30 |   0.0 |   246
         Dis:7 |       0 |  173903 |   0.0 |       0 |     151 |   0.0 |  2204
         Geh:1 |       0 |    7037 |   0.0 |       0 |      16 |   0.0 |   138
         Geh:2 |       0 |   16115 |   0.0 |       0 |      49 |   0.0 |   360
         Geh:3 |       0 |   41645 |   0.0 |       0 |      79 |   0.0 |   270
         Geh:4 |       0 |   50421 |   0.0 |       0 |      77 |   0.0 |   662
         Geh:5 |       0 |    2964 |   0.0 |       0 |       7 |   0.0 |    29
         Geh:6 |       0 |    6707 |   0.0 |       0 |      16 |   0.0 |    44
         Geh:7 |       0 |   98598 |   0.0 |       0 |     123 |   0.0 |  1317
         Coc:1 |       0 |    1028 |   0.0 |       0 |       2 |   0.0 |    23
         Coc:2 |       0 |   17897 |   0.0 |       0 |      24 |   0.0 |   197
         Coc:3 |       0 |   32885 |   0.0 |       0 |      53 |   0.0 |   606
         Coc:4 |       0 |    4336 |   0.0 |       0 |       7 |   0.0 |    95
         Coc:5 |       0 |   20321 |   0.0 |       0 |      29 |   0.0 |   308
         Coc:6 |       0 |   20773 |   0.0 |       0 |      15 |   0.0 |    75
         Coc:7 |       0 |  142247 |   0.0 |       0 |     161 |   0.0 |  1814
         Tar:1 |       0 |   83689 |   0.0 |       0 |      95 |   0.0 |   837
         Tar:2 |       0 |   32430 |   0.0 |       0 |      45 |   0.0 |   438
         Tar:3 |       0 |   27608 |   0.0 |       0 |      55 |   0.0 |   317
         Tar:4 |       0 |   45905 |   0.0 |       0 |      39 |   0.0 |   325
         Tar:5 |       0 |   25024 |   0.0 |       0 |      23 |   0.0 |   227
         Tar:6 |       0 |     736 |   0.0 |       0 |       1 |   0.0 |    16
         Tar:7 |       0 |  195143 |   0.0 |       0 |     168 |   0.0 |  1769
         Zot:1 |       0 |   54967 |   0.0 |       0 |      33 |   0.0 |  1326
         Zot:2 |       0 |   56152 |   0.0 |       0 |      41 |   0.0 |  1346
         Zot:3 |       0 |   47922 |   0.0 |       0 |      26 |   0.0 |  1238
         Zot:4 |       0 |   94537 |   0.0 |       0 |      51 |   0.0 |  1283
         Zot:5 |       0 |  189416 |   0.0 |       0 |      62 |   0.0 |  1651
       Abyss:1 |   15727 |   22555 |  41.1 |      20 |      32 |  38.5 |   697
       Abyss:2 |   26037 |    9159 |  74.0 |      39 |      27 |  59.1 |   887
       Abyss:3 |   49202 |   36085 |  57.7 |      76 |      53 |  58.9 |  1741
           Pan |  160442 |  555715 |  22.4 |     239 |     514 |  31.7 | 15647
           Lab |       0 |     734 |   0.0 |       0 |       1 |   0.0 |   240
       Ossuary |       0 |     439 |   0.0 |       0 |      39 |   0.0 |   584
               +---------+---------+-------+---------+---------+-------+---------
